 Dungeon Crawl Stone Soup version 0.29.1 (webtiles) character file.

Game seed: 12895747618145580499

285837 qw the Slayer (level 20, 0/203 HPs)
             Began as a Minotaur Berserker on Sept 13, 2022.
             Was a High Priest of Trog.
             Succumbed to a swamp dragon's poison gas
             ... on level 4 of the Swamp.
             The game lasted 00:17:10 (46029 turns).

qw the Slayer (Minotaur Berserker)                 Turns: 46029, Time: 00:17:10

Health: 0/203      AC: 44    Str: 35    XL:     20   Next: 18%
Magic:  19/19      EV: 15    Int:  4    God:    Trog [*****.]
Gold:   1463       SH: 20    Dex: 16    Spells: 19/19 levels left

rFire   + + .      SeeInvis +   k - +8 war axe "Rinah" {elec, Str+4}
rCold   + . .      Faith    .   v - +0 kite shield "Cigomn" {+Blink rF++ Will- SInv}
rNeg    . . .      Spirit   .   z - +10 plate armour {rC+}
rPois   .          Reflect  +   m - +2 hat
rElec   .          Harm     .   d - +2 cloak
rCorr   .          Rampage  inf E - +2 pair of gloves
Will    +....                   f - +3 pair of seven-league boots {Rampage+∞}
Stlth   ..........              A - amulet of reflection
HPRegen 0.43/turn               r - ring of willpower
MPRegen 0.16/turn               u - +6 ring of dexterity

@: lethally poisoned (0 -> -44), about to teleport, on berserk cooldown, slowed,
very slow
A: horns 2, retaliatory headbutt
}: 1/15 runes: gossamer
a: Renounce Religion, Evoke Blink, Berserk, Trog's Hand, Brothers in Arms


You were on level 4 of the Swamp.
You worshipped Trog.
Trog was extremely pleased with you.
You visited 6 branches of the dungeon, and saw 34 of its levels.

You collected 3122 gold pieces.
You spent 1659 gold pieces at shops.


Innate Abilities, Weirdness & Mutations

You have a pair of horns on your head.
You reflexively headbutt those who attack you in melee.


   Skills:
 - Level 23.0 Fighting
 + Level 17.9 Axes
 - Level 11.0 Throwing
 - Level 21.0 Armour
 - Level 14.0 Dodging
 - Level 19.0 Shields


You had 19 spell levels left.
You didn't know any spells.
Your spell library was empty.

Inventory:

Hand Weapons
 k - the +8 war axe "Rinah" (weapon) {elec, Str+4}
   (You found it on level 5 of the Lair of Beasts)

   It occasionally discharges a powerful burst of electricity upon striking a
   foe.
   Str:       It affects your strength (+4).
Missiles
 x - 22 boomerangs (quivered)
Armour
 d - a +2 cloak (worn)
 f - the +3 pair of seven-league boots (worn) {Rampage+∞}
   (You acquired it on level 3 of the Lair of Beasts)

   Its wearer moves as far as possible in that direction when moving towards
   enemies.
 g - the +3 hat of Pondering {ponderous, Will+ MP+10 Int+5}
   (You took it off Gastronok on level 2 of the Lair of Beasts)

   Int:       It affects your intelligence (+5).
   MP:        It affects your magic capacity (+10).
   Will:      It increases your willpower.
 m - a +2 hat (worn)
 o - a +2 kite shield of reflection
 v - the +0 kite shield "Cigomn" (worn) {+Blink rF++ Will- SInv}
   (You found it on level 5 of the Lair of Beasts)

   rF:        It greatly protects you from fire.
   SInv:      It lets you see invisible.
   +Blink:    It lets you blink.
   Will:      It decreases your willpower.
 z - a +10 plate armour of cold resistance (worn)
 E - a +2 pair of gloves (worn)
Jewellery
 b - a ring of protection from fire
 l - a ring of see invisible
 r - a ring of willpower (left hand)
 s - a ring of protection from fire
 u - a +6 ring of dexterity (right hand)
 w - a ring of positive energy
 y - a ring of ice
 A - an amulet of reflection (around neck)
 D - a ring of ice
Scrolls
 e - 19 scrolls of identify
 p - 11 scrolls of teleportation
 C - 3 scrolls of enchant weapon
Potions
 a - 4 potions of heal wounds
 c - 13 potions of curing
 h - 4 potions of haste
 i - a potion of cancellation
 j - 12 potions of might
 n - 5 potions of mutation

Dungeon Overview and Level Annotations

Branches:
Dungeon (15/15)            Temple (0/1) D:6            Lair (5/5) D:11
  Swamp (4/4) Lair:2       Spider (4/4) Lair:2        Slime (0/5) Lair:4
    Orc (2/2) D:12            Elf (0/3) Orc:2        Vaults (4/5) D:14
  Crypt (0/3) Vaults:2     Depths (0/4) D:15

Altars:
Ashenzari
Dithmenos
Fedhas
Gozag
Hepliaklqana
Kikubaaqudgha
Qazlal
Sif Muna
Uskayaw
Wu Jian
Xom
Zin
Jiyva

Shops:
D:2 !   D:3 (   D:5 *   D:6 (=(([   D:8 *   D:9 =(*((   D:13 ?   D:14 (
D:15 *   Orc:2 **=([=   Vaults:1 =   Vaults:4 ?

Portals:
Trove: D:13 (lose all piety)

Annotations:
D:3 1 runed translucent door, Crazy Yiuf
D:6 1 runed translucent door, qw's ghost, novice GrFi
D:8 2 transporters
Lair:2 3 runed translucent doors, qw's ghost, journeyman MiBe
Swamp:1 2 transporters
Vaults:3 3 runed translucent doors, qw's ghost, adept MiBe


Message History

Your two-headed ogre looks even sicker.
Your two-headed ogre hits the swamp dragon with a +0 giant club!!
Your two-headed ogre hits the swamp dragon with a +0 giant club!
You slash the swamp dragon!
You kill the swamp dragon!
Trog accepts your kill.
The swamp dragon scales are intact enough to wear.
You are engulfed in poison gas.
You are more poisoned.
You feel extremely sick.
The swamp worm fires a harpoon shot at you.
The harpoon shot hits your two-headed ogre!!
Your two-headed ogre is engulfed in poison gas.
Your two-headed ogre looks as sick as possible!
Your two-headed ogre hits the swamp worm with a +0 giant club!!!
The swamp worm dies!
Trog accepts your kill.
You start resting.
You feel extremely sick.
Your two-headed ogre is engulfed in poison gas.
Your two-headed ogre looks as sick as possible!
Your two-headed ogre is engulfed in poison gas.
Your two-headed ogre looks as sick as possible!
You start resting.
You feel extremely sick.
A swamp dragon comes into view.
The swamp dragon breathes poison at you.
Your two-headed ogre looks as sick as possible!
46028 ||| READING 12 scrolls of teleportation.
As you read the scroll of teleportation, it crumbles to dust.
You feel strangely unstable.
You are engulfed in poison gas.
You are lethally poisoned!
You feel extremely sick.
Your two-headed ogre is engulfed in poison gas.
Your two-headed ogre looks as sick as possible!
46029 ||| DRINKING 5 potions of heal wounds.
You feel much better.
You are engulfed in poison gas.
You are lethally poisoned!
You die...

~~.~~~~~~~~~~~~
~~~~~~~~~.~~~~~~
~~~~~~~~~~~~¤~~~
~~.~~~~~.....~~~~~~~
~~.~~~~¤.~7..~~~~~~~~
~..~¤~0~~....~~~~~~.~~
..?~000~~~~.)~~~~~~.~.
7~~~00~~~~~~~¤~~~~.~777
.¤D.O.0@00~~~~~~~).7~.77
..7777770......~~~.~..~7
7.~.~..~~~~~..~.7
77..~.~¤~~~~~~~~~.
7.~.^..~.~¤~~~~~~.
7....~.7~.~..~~..
77~.....7.~...~~~
~7..7...~..~..~~~
.~...~~~.7.7~~~).~


You could see a swamp dragon (catching breath, ally target) and a friendly
two-headed ogre (summoned, berserk, extremely poisoned).

Vanquished Creatures
  the Lernaean hydra (Swamp:4)
  Saint Roka (Vaults:1)
  Rupert (D:13)
  2 sphinxes (Vaults:4)
  2 thorn hunters (Swamp:4)
  Gastronok (Lair:2)
  A tengu reaver (Vaults:4)
  Donald (Vaults:1)
  6 emperor scorpions
  A juggernaut zombie (D:15)
  10 vault wardens
  3 orc warlords
  7 ghost moths
  10 ironbound preservers
  A curse skull (Vaults:2)
  A ghoul (Vaults:2)
  4 war gargoyles
  6 very ugly things
  A broodmother (Spider:3)
  5 dire elephants (Vaults:1)
  Nessos (D:14)
  3 ironbound thunderhulks
  2 eleionomae
  4 entropy weavers
  4 bunyips
  2 crystal guardians (Vaults:4)
  A deep elf death mage (Vaults:2)
  Snorg (D:11)
  6 yaktaur captains
  8 great orbs of eyes
  5 vault guards (Vaults:4)
  Harold (Orc:1)
  A spriggan air mage (Swamp:3)
  A catoblepas (Lair:5)
  7 ironbound frosthearts
  4 peacekeepers
  12 hydras
  Erica (Orc:1)
  7 boulder beetles
  9 centaur warriors
  6 ghost crabs
  4 radroaches
  2 jorogumos
  7 alligators
  6 two-headed ogres
  10 death yaks
  A death knight (D:14)
  A vampire mage (Vaults:2)
  2 tengu warriors
  Urug (D:14)
  8 goliath frogs
  7 skeletal warriors
  5 pharaoh ants
  31 deep trolls
  A flayed ghost (D:15)
  10 steelbarb worms
  5 swamp dragons
  2 spriggan druids
  A bog body (Swamp:1)
  8 orb spiders
  16 lindwurms
  6 deep elf zephyrmancers (Orc:2)
  16 ironbound convokers
  20 wolf spiders
  2 necromancers
  8 wizards
  2 deep elf pyromancers (Orc:2)
  2 orc sorcerers
  A shadow dragon skeleton (Vaults:4)
  An oklob plant (Lair:5)
  4 orc knights
  3 will-o-the-wisps
  2 manticores
  17 slime creatures
  A stone giant zombie (D:15)
  6 cyclopes
  41 ugly things
  19 elephants
  5 moths of wrath
  Maurice (D:8)
  7 vault sentinels
  A frost giant skeleton (Vaults:4)
  2 gargoyles
  3 torpor snails
  8 cane toads
  A cane toad (shapeshifter) (D:14)
  7 rime drakes
  9 demonic crawlers
  Psyche (D:11)
  5 unseen horrors
  An efreet (D:15)
  37 yaktaurs
  8 komodo dragons
  A tengu conjurer (D:15)
  A human skeleton (Vaults:4)
  3 polar bears
  14 blink frogs
  3 meliai (Spider:4)
  4 trolls
  Grinder (D:5)
  8 tyrant leeches
  Prince Ribbit (D:8)
  4 hornets
  29 tarantellas
  An ettin zombie (D:15)
  2 dream sheep (Lair:5)
  33 jumping spiders
  23 culicivoras
  5 wraiths
  6 spriggans
  A spriggan skeleton (D:15)
  5 wyverns
  15 humans (D:13)
  4 basilisks
  63 redbacks
  70 yaks
  3 steam dragons
  A redback (shapeshifter) (Vaults:3)
  18 vampire mosquitoes
  A naga (shapeshifter) (Vaults:4)
  7 wargs
  3 acid dragons
  10 swamp worms
  16 water moccasins
  36 orc warriors
  3 ice beasts
  4 sky beasts
  2 boggarts (Vaults:2)
  7 swamp drakes
  7 ogres
  21 wolves
  3 phantoms
  21 centaurs
  4 kobold brigands
  14 bullfrogs
  7 necrophages
  3 scorpions
  13 wights
  3 killer bees (D:8)
  An electric eel (Spider:1)
  8 howler monkeys
  14 orc priests
  5 hounds
  Jessica (D:3)
  4 iguanas
  23 orc wizards
  4 adders
  A river rat (D:3)
  2 shadow imps
  14 white imps
  3 ufetubi
  2 worms (D:3)
  4 dart slugs
  85 orcs
  6 endoplasms
  7 giant cockroaches
  5 goblins
  9 hobgoblins
  10 jackals
  3 quokkas
  4 ball pythons
  6 bats
  3 frilled lizards
  31 kobolds
  5 rats
1290 creatures vanquished.

Vanquished Creatures (collateral kills)
  2 emperor scorpions
  2 ironbound preservers (Vaults:2)
  2 broodmothers
  An ironbound thunderhulk (Vaults:4)
  A spark wasp (Swamp:1)
  2 hydras
  A boulder beetle (Spider:3)
  A deep troll shaman (Lair:5)
  A pharaoh ant (Spider:1)
  2 steelbarb worms (Spider:1)
  2 goliath frogs (Swamp:1)
  5 orb spiders
  2 ironbound convokers (Vaults:2)
  A deep elf pyromancer (Orc:2)
  A cane toad (Lair:4)
  A komodo dragon (Lair:3)
  A tyrant leech (Swamp:4)
  A blink frog (Lair:3)
  6 jumping spiders
  2 culicivoras
  A yak (Lair:3)
  A basilisk (Lair:5)
  2 redbacks
  3 vampire mosquitoes (Swamp:1)
  A warg (Orc:2)
  A swamp worm (Swamp:4)
  5 orc warriors
  2 boggarts (Vaults:2)
  A bullfrog (Lair:3)
  3 orc priests (Orc:2)
  2 orc wizards (Orc:2)
  2 orcs (Orc:2)
61 creatures vanquished.

Vanquished Creatures (others)
  A centaur warrior (Vaults:1)
  A human (D:14)
  A redback (Spider:3)
  An orc wizard (Orc:2)
  An orc (Orc:2)
  A bush (Lair:5)
  10 foxfires
  31 fungi
  43 plants
  4 withered plants (D:15)
94 creatures vanquished.

Grand Total: 1445 creatures vanquished

Notes
Turn   | Place    | Note
-------+----------+-------------------------------------------
     0 | D:1      | qw the Minotaur Berserker began the quest for the Orb.
     0 | D:1      | Reached XP level 1. HP: 19/19 MP: 0/0
     0 | D:1      | 0 ||| qw: Version: 0.1-a-119-g272c26d
     0 | D:1      | 0 ||| qw: Game counter: 11181
     0 | D:1      | 0 ||| qw: Always use a shield: true
     0 | D:1      | 0 ||| qw: Do Orc after D:15 true
     0 | D:1      | 0 ||| qw: Do second Lair branch before Depths: true
     0 | D:1      | 0 ||| qw: Lair rune preference: random
     0 | D:1      | 0 ||| qw: Plans: Normal
     0 | D:1      | 0 ||| PLANNING D:1-11
     9 | D:1      | 9 ||| Stepping ~*~*~tactically~*~*~ (stealth).
    12 | D:1      | 12 ||| Stepping ~*~*~tactically~*~*~ (stealth).
    17 | D:1      | 17 ||| Stepping ~*~*~tactically~*~*~ (stealth).
    75 | D:1      | Reached XP level 2. HP: 24/26 MP: 1/1
    87 | D:1      | 87 ||| Stepping ~*~*~tactically~*~*~ (stealth).
    89 | D:1      | 89 ||| Stepping ~*~*~tactically~*~*~ (stealth).
   139 | D:1      | 139 ||| Stepping ~*~*~tactically~*~*~ (stealth).
   455 | D:1      | Reached ** piety under Trog
   481 | D:1      | 481 ||| Stepping ~*~*~tactically~*~*~ (stealth).
   485 | D:1      | 485 ||| Stepping ~*~*~tactically~*~*~ (stealth).
   585 | D:1      | Reached XP level 3. HP: 31/31 MP: 2/2
   719 | D:1      | 719 ||| DROPPING +0 club.
   962 | D:1      | 962 ||| UPGRADING to +0 leather armour.
   972 | D:1      | 972 ||| DROPPING +0 animal skin.
   973 | D:1      | 973 ||| READING scroll labelled WOENISM VEHOLA.
   974 | D:1      | 974 ||| READING 4 scrolls labelled YSUGOU DEAZY.
   975 | D:1      | 975 ||| DRINKING 3 fizzy silvery potions.
   976 | D:1      | 976 ||| DROPPING 2 potions of degeneration.
   977 | D:1      | 977 ||| DROPPING 3 scrolls of poison.
   978 | D:1      | 978 ||| Stepping randomly (stuck).
   979 | D:1      | 979 ||| Stepping ~*~*~tactically~*~*~ (cloud).
  1403 | D:2      | 1403 ||| Stepping ~*~*~tactically~*~*~ (stealth).
  1782 | D:2      | Found Giul's Distillery.
  1785 | D:2      | 1785 ||| SHOPLISTING potion of heal wounds (50 gold, have
                  | 48).
  1785 | D:2      | 1785 ||| BUYING potion of might (40 gold).
  1785 | D:2      | Bought a potion of might for 40 gold pieces
  1785 | D:2      | 1785 ||| SHOPLISTING potion of might (40 gold, have 8).
  2081 | D:2      | 2081 ||| UPGRADING to ring of protection from fire.
  2082 | D:2      | 2082 ||| READING scroll labelled BAOXAU ZIOSENOA.
  2083 | D:2      | 2083 ||| READING scroll labelled DIAWUPLENI.
  2084 | D:2      | 2084 ||| READING scroll labelled IMMUFA KOETO.
  2085 | D:2      | 2085 ||| READING scroll labelled NOUGRE SU MOT.
  2108 | D:3      | Noticed Jessica
  2108 | D:3      | Found a faded altar of an unknown god.
  2109 | D:3      | 2109 ||| PLANNING SEWER
  2113 | D:3      | Killed Jessica
  2114 | D:3      | Reached skill level 6 in Axes
  2114 | D:3      | Reached XP level 4. HP: 39/39 MP: 3/3
  2362 | D:3      | Found Atziust's Weapon Shoppe.
  2370 | D:3      | 2370 ||| SHOPLISTING +0 flail (35 gold, have 18).
  2370 | D:3      | 2370 ||| SHOPLISTING +5 hand axe of flaming (324 gold, have
                  | 18).
  2370 | D:3      | 2370 ||| SHOPLISTING +5 mace of protection (306 gold, have
                  | 18).
  2434 | D:3      | 2434 ||| FLEEEEING.
  2435 | D:3      | 2435 ||| FLEEEEING.
  2436 | D:3      | 2436 ||| FLEEEEING.
  2437 | D:3      | 2437 ||| FLEEEEING.
  2438 | D:3      | 2438 ||| FLEEEEING.
  2439 | D:3      | 2439 ||| FLEEEEING.
  2440 | D:3      | 2440 ||| FLEEEEING.
  2441 | D:3      | 2441 ||| FLEEEEING.
  2442 | D:3      | 2442 ||| FLEEEEING.
  2443 | D:3      | 2443 ||| FLEEEEING.
  2444 | D:3      | 2444 ||| FLEEEEING.
  2445 | D:3      | 2445 ||| FLEEEEING.
  2446 | D:3      | 2446 ||| FLEEEEING.
  2447 | D:3      | 2447 ||| FLEEEEING.
  2448 | D:3      | 2448 ||| FLEEEEING.
  2449 | D:3      | 2449 ||| FLEEEEING.
  2450 | D:3      | 2450 ||| FLEEEEING.
  2451 | D:3      | 2451 ||| FLEEEEING.
  2452 | D:3      | 2452 ||| FLEEEEING.
  2453 | D:3      | 2453 ||| FLEEEEING.
  2454 | D:3      | 2454 ||| FLEEEEING.
  2455 | D:3      | 2455 ||| FLEEEEING.
  2456 | D:3      | 2456 ||| FLEEEEING.
  2457 | D:3      | 2457 ||| FLEEEEING.
  2458 | D:3      | 2458 ||| STAIRDANCE
  2494 | D:3      | 2494 ||| INVOKING Berserk.
  2496 | D:3      | 2496 ||| STAIRDANCE
  2786 | D:3      | 2786 ||| Stepping ~*~*~tactically~*~*~ (stealth).
  2814 | D:3      | 2814 ||| Stepping ~*~*~tactically~*~*~ (stealth).
  2815 | D:3      | 2815 ||| DROPPING +0 mace.
  2856 | D:3      | 2856 ||| RIP SEWER
  2864 | D:3      | 2864 ||| PLANNING D:1-11
  2896 | D:3      | 2896 ||| Stepping ~*~*~tactically~*~*~ (stealth).
  2917 | D:3      | 2917 ||| FLEEEEING.
  3291 | D:3      | Reached XP level 5. HP: 45/45 MP: 4/4
  3295 | D:3      | Found a blossoming altar of Fedhas.
  3327 | D:3      | 3327 ||| Stepping ~*~*~tactically~*~*~ (stealth).
  3333 | D:3      | 3333 ||| FLEEEEING.
  3334 | D:3      | 3334 ||| FLEEEEING.
  3335 | D:3      | 3335 ||| FLEEEEING.
  3336 | D:3      | 3336 ||| FLEEEEING.
  3337 | D:3      | 3337 ||| FLEEEEING.
  3338 | D:3      | 3338 ||| FLEEEEING.
  3339 | D:3      | 3339 ||| FLEEEEING.
  3340 | D:3      | 3340 ||| FLEEEEING.
  3341 | D:3      | 3341 ||| FLEEEEING.
  3343 | D:3      | 3343 ||| FLEEEEING.
  3344 | D:3      | 3344 ||| FLEEEEING.
  3346 | D:3      | 3346 ||| FLEEEEING.
  3347 | D:3      | 3347 ||| FLEEEEING.
  3349 | D:3      | 3349 ||| FLEEEEING.
  3350 | D:3      | 3350 ||| FLEEEEING.
  3351 | D:3      | 3351 ||| FLEEEEING.
  3352 | D:3      | 3352 ||| FLEEEEING.
  3353 | D:3      | 3353 ||| FLEEEEING.
  3354 | D:3      | 3354 ||| FLEEEEING.
  3355 | D:3      | 3355 ||| FLEEEEING.
  3434 | D:3      | 3434 ||| DROPPING +1 hammer of draining.
  3438 | D:3      | Found a runed translucent door.
  3439 | D:3      | Noticed Crazy Yiuf
  3562 | D:3      | 3562 ||| UPGRADING to +0 ring mail.
  3572 | D:3      | 3572 ||| UPGRADING to +2 cloak.
  3577 | D:3      | 3577 ||| DROPPING +0 leather armour.
  3578 | D:3      | 3578 ||| UPGRADING to +0 scale mail.
  3588 | D:3      | 3588 ||| DROPPING +0 ring mail.
  3589 | D:3      | 3589 ||| UPGRADING to +2 pair of boots.
  3594 | D:3      | 3594 ||| UPGRADING to ring of see invisible.
  3595 | D:3      | 3595 ||| READING scroll labelled OTAKHU WENO.
  3596 | D:3      | 3596 ||| READING 2 scrolls of identify.
  3596 | D:3      | 3596 ||| IDENTIFYING white potion
  3597 | D:3      | 3597 ||| DROPPING potion of ambrosia.
  3668 | D:4      | 3668 ||| STAIRDANCE
  3670 | D:3      | Reached *** piety under Trog
  3921 | D:4      | Noticed an ogre
  3922 | D:4      | 3922 ||| Stepping ~*~*~tactically~*~*~ (stealth).
  3928 | D:4      | 3928 ||| Stepping ~*~*~tactically~*~*~ (stealth).
  3930 | D:4      | 3930 ||| Stepping ~*~*~tactically~*~*~ (stealth).
  3935 | D:4      | 3935 ||| INVOKING Berserk.
  3938 | D:4      | Reached skill level 4 in Fighting
  3949 | D:4      | Killed an ogre
  3994 | D:4      | 3994 ||| Stepping ~*~*~tactically~*~*~ (stealth).
  3995 | D:4      | 3995 ||| Stepping ~*~*~tactically~*~*~ (stealth).
  4000 | D:4      | 4000 ||| Stepping ~*~*~tactically~*~*~ (stealth).
  4003 | D:4      | 4003 ||| Stepping ~*~*~tactically~*~*~ (stealth).
  4009 | D:4      | Reached XP level 6. HP: 49/52 MP: 5/5
  4112 | D:4      | Found a broken altar of Ashenzari.
  4136 | D:4      | Found an ancient bone altar of Kikubaaqudgha.
  4203 | D:4      | Found a glowing silver altar of Zin.
  4370 | D:5      | Entered Level 5 of the Dungeon
  4399 | D:5      | 4399 ||| Stepping ~*~*~tactically~*~*~ (hiding).
  4400 | D:5      | 4400 ||| Stepping ~*~*~tactically~*~*~ (hiding).
  4401 | D:5      | 4401 ||| Stepping ~*~*~tactically~*~*~ (hiding).
  4551 | D:5      | Noticed a water moccasin
  4552 | D:5      | Noticed an orc warrior
  4579 | D:5      | Reached skill level 9 in Axes
  4586 | D:5      | Noticed Grinder
  4587 | D:5      | 4587 ||| INVOKING Trog's Hand.
  4587 | D:5      | Noticed an ice beast
  4589 | D:5      | 4589 ||| INVOKING Berserk.
  4592 | D:5      | Killed an orc warrior
  4593 | D:5      | Reached skill level 5 in Fighting
  4593 | D:5      | Reached XP level 7. HP: 61/61 MP: 6/6
  4598 | D:5      | Killed Grinder
  4606 | D:5      | Reached skill level 3 in Armour
  4651 | D:5      | 4651 ||| READING scroll labelled IDEIMU DAOXZOE.
  4735 | D:5      | 4735 ||| SWAPPING to +0 war axe.
  4774 | D:5      | 4774 ||| DROPPING +0 hand axe.
  4937 | D:5      | 4937 ||| Stepping ~*~*~tactically~*~*~ (stealth).
  4938 | D:5      | 4938 ||| Stepping ~*~*~tactically~*~*~ (stealth).
  4975 | D:5      | Reached skill level 6 in Fighting
  4975 | D:5      | Reached XP level 8. HP: 70/70 MP: 7/7
  4979 | D:5      | Found Ldweifuh's Luxury Loot.
  4994 | D:5      | 4994 ||| UPGRADING to +0 chain mail.
  5004 | D:5      | 5004 ||| DROPPING +0 scale mail.
  5021 | D:5      | 5021 ||| Stepping ~*~*~tactically~*~*~ (stealth).
  5046 | D:5      | 5046 ||| Stepping ~*~*~tactically~*~*~ (stealth).
  5173 | D:5      | 5173 ||| Stepping ~*~*~tactically~*~*~ (stealth).
  5203 | D:5      | Found a hide-covered altar of Uskayaw.
  5363 | D:5      | 5363 ||| READING scroll labelled ZOEDUCH TIGU.
  5497 | D:6      | Found Gieczuf's Weapon Shoppe.
  5512 | D:6      | 5512 ||| SHOPLISTING +2 war axe "Neravix" {elec, +Blink rF+
                  | rN++ Int-5} (516 gold, have 181).
  5515 | D:6      | 5515 ||| Stepping ~*~*~tactically~*~*~ (stealth).
  5520 | D:6      | 5520 ||| INVOKING Berserk.
  5702 | D:6      | 5702 ||| DROPPING +0 flail.
  5710 | D:6      | Found an ornate altar of the Wu Jian Council.
  5738 | D:6      | 5738 ||| INVOKING Berserk.
  5740 | D:6      | Reached skill level 12 in Axes
  6002 | D:6      | 6002 ||| Stepping ~*~*~tactically~*~*~ (hiding).
  6121 | D:6      | Found Dukaih's Antique Armour Boutique.
  6145 | D:6      | 6145 ||| Stepping ~*~*~tactically~*~*~ (hiding).
  6151 | D:6      | Reached skill level 7 in Fighting
  6282 | D:6      | 6282 ||| INVOKING Berserk.
  6471 | D:6      | Found a runed translucent door.
  6472 | D:6      | Found a shimmering altar of Xom.
  6472 | D:6      | Noticed qw's ghost (novice GrFi)
  6472 | D:6      | Noticed a +0 hand axe of chaos
  6567 | D:6      | Found Vadax's Jewellery Shoppe.
  6578 | D:6      | 6578 ||| SHOPLISTING +4 ring of evasion (504 gold, have
                  | 200).
  6578 | D:6      | 6578 ||| SHOPLISTING +4 ring of protection (504 gold, have
                  | 200).
  6578 | D:6      | 6578 ||| SHOPLISTING +6 ring of dexterity (504 gold, have
                  | 200).
  6578 | D:6      | 6578 ||| SHOPLISTING +6 ring of strength (504 gold, have
                  | 200).
  6638 | D:6      | Found Xacvi's Weapon Emporium.
  6684 | D:6      | Found Ximaulax's Antique Weapon Emporium.
  6701 | D:6      | Reached XP level 9. HP: 79/79 MP: 8/8
  6712 | D:6      | 6712 ||| BUYING glowing war axe (175 gold).
  6712 | D:6      | Bought a glowing war axe for 175 gold pieces
  6712 | D:6      | 6712 ||| SWAPPING to +1 vorpal war axe.
  6713 | D:6      | 6713 ||| DROPPING +0 war axe.
  6756 | D:6      | Found a staircase to the Ecumenical Temple.
  6855 | D:6      | 6855 ||| SHOPLISTING scorched chain mail (218 gold, have
                  | 25).
  6855 | D:6      | 6855 ||| SHOPLISTING shiny ring mail (161 gold, have 25).
  7129 | D:6      | 7129 ||| DRINKING 2 ruby potions.
  7130 | D:6      | 7130 ||| READING 4 scrolls of identify.
  7130 | D:6      | 7130 ||| IDENTIFYING green potion
  7131 | D:6      | 7131 ||| READING 3 scrolls of identify.
  7131 | D:6      | 7131 ||| IDENTIFYING smoky grey potion
  7132 | D:6      | 7132 ||| READING 2 scrolls of identify.
  7132 | D:6      | 7132 ||| IDENTIFYING fuming grey potion
  7133 | D:6      | 7133 ||| DROPPING potion of brilliance.
  7134 | D:6      | 7134 ||| DROPPING potion of invisibility.
  7135 | D:6      | 7135 ||| DROPPING potion of magic.
  7146 | D:7      | 7146 ||| STAIRDANCE
  7185 | D:7      | 7185 ||| STAIRDANCE
  7219 | D:7      | 7219 ||| STAIRDANCE
  7240 | D:7      | 7240 ||| STAIRDANCE
  7246 | D:7      | 7246 ||| STAIRDANCE
  7431 | D:7      | Found a shimmering blue altar of Sif Muna.
  7537 | D:7      | Found a stormy altar of Qazlal.
  7649 | D:7      | 7649 ||| Stepping ~*~*~tactically~*~*~ (stealth).
  7651 | D:7      | 7651 ||| Stepping ~*~*~tactically~*~*~ (stealth).
  7697 | D:7      | 7697 ||| INVOKING Berserk.
  7734 | D:7      | 7734 ||| Stepping ~*~*~tactically~*~*~ (stealth).
  7834 | D:7      | Reached skill level 8 in Fighting
  7911 | D:7      | Reached skill level 1 in Throwing
  7989 | D:7      | 7989 ||| Stepping ~*~*~tactically~*~*~ (hiding).
  7997 | D:7      | Reached **** piety under Trog
  7998 | D:7      | Noticed a two-headed ogre
  8003 | D:7      | 8003 ||| INVOKING Berserk.
  8005 | D:7      | Noticed a two-headed ogre
  8007 | D:7      | Killed a two-headed ogre
  8011 | D:7      | Killed a two-headed ogre
  8012 | D:7      | Reached skill level 6 in Armour
  8012 | D:7      | Reached XP level 10. HP: 88/88 MP: 9/9
  8149 | D:7      | 8149 ||| Stepping ~*~*~tactically~*~*~ (stealth).
  8202 | D:7      | Reached skill level 3 in Dodging
  8212 | D:7      | Found a shadowy altar of Dithmenos.
  8455 | D:7      | 8455 ||| Stepping ~*~*~tactically~*~*~ (stealth).
  8529 | D:7      | 8529 ||| UPGRADING to +0 plate armour.
  8539 | D:7      | 8539 ||| DROPPING +0 chain mail.
  8540 | D:7      | 8540 ||| READING 2 scrolls labelled QEEKHY UCVIANT.
  8541 | D:7      | 8541 ||| READING scroll of enchant weapon.
  8541 | D:7      | 8541 ||| ENCHANTING +2 vorpal war axe.
  8542 | D:7      | 8542 ||| READING 3 scrolls labelled BOEPHA HAB ASU.
  8643 | D:7      | 8643 ||| DRINKING 3 viscous golden potions.
  8644 | D:7      | 8644 ||| DROPPING 2 scrolls of silence.
  8710 | D:8      | Noticed Maurice
  8710 | D:8      | Found a transporter.
  8711 | D:8      | 8711 ||| STAIRDANCE
  8724 | D:8      | 8724 ||| Stepping ~*~*~tactically~*~*~ (hiding).
  8734 | D:8      | 8734 ||| Stepping ~*~*~tactically~*~*~ (hiding).
  8735 | D:8      | 8735 ||| Stepping ~*~*~tactically~*~*~ (hiding).
  8738 | D:8      | Killed Maurice
  8863 | D:8      | Reached skill level 15 in Axes
  8976 | D:8      | 8976 ||| Stepping ~*~*~tactically~*~*~ (stealth).
  8977 | D:8      | 8977 ||| Stepping ~*~*~tactically~*~*~ (stealth).
  8986 | D:8      | 8986 ||| Stepping ~*~*~tactically~*~*~ (hiding).
  8987 | D:8      | 8987 ||| Stepping ~*~*~tactically~*~*~ (hiding).
  9019 | D:8      | 9019 ||| Stepping ~*~*~tactically~*~*~ (stealth).
  9037 | D:8      | Noticed Prince Ribbit
  9042 | D:8      | Killed Prince Ribbit
  9086 | D:8      | Found Gozag's Platinum Reserve.
  9100 | D:8      | Found a transporter.
  9147 | D:8      | 9147 ||| INVOKING Berserk.
  9301 | D:8      | Reached skill level 9 in Fighting
  9396 | D:8      | 9396 ||| Stepping ~*~*~tactically~*~*~ (hiding).
  9434 | D:8      | Found an opulent altar of Gozag.
  9455 | D:8      | 9455 ||| SHOPLISTING ring of the Sparrow {rCorr Str+4}
                  | (3540 gold, have 170).
  9515 | D:8      | 9515 ||| Stepping ~*~*~tactically~*~*~ (hiding).
  9754 | D:8      | 9754 ||| DROPPING ring of flight.
  9755 | D:8      | 9755 ||| READING 2 scrolls of identify.
  9755 | D:8      | 9755 ||| IDENTIFYING cyan potion
  9879 | D:9      | Found Yriu's Weapon Emporium.
  9888 | D:9      | Found Royjof's Antique Weapon Shoppe.
 10009 | D:9      | 10009 ||| INVOKING Berserk.
 10158 | D:9      | 10158 ||| Stepping ~*~*~tactically~*~*~ (stealth).
 10160 | D:9      | 10160 ||| Stepping ~*~*~tactically~*~*~ (stealth).
 10247 | D:9      | 10247 ||| Stepping ~*~*~tactically~*~*~ (stealth).
 10249 | D:9      | 10249 ||| Stepping ~*~*~tactically~*~*~ (hiding).
 10253 | D:9      | 10253 ||| INVOKING Berserk.
 10382 | D:9      | Noticed a two-headed ogre
 10387 | D:9      | 10387 ||| INVOKING Berserk.
 10390 | D:9      | Killed a two-headed ogre
 10391 | D:9      | Reached skill level 10 in Fighting
 10391 | D:9      | Reached XP level 11. HP: 101/101 MP: 10/10
 10567 | D:9      | Found Naos's Jewellery Shop.
 10570 | D:9      | 10570 ||| SHOPLISTING amulet of regeneration (480 gold,
                  | have 186).
 10570 | D:9      | 10570 ||| SHOPLISTING amulet of the acrobat (480 gold, have
                  | 186).
 10570 | D:9      | 10570 ||| SHOPLISTING ring of positive energy (320 gold,
                  | have 186).
 10570 | D:9      | 10570 ||| SHOPLISTING ring of protection from fire (400
                  | gold, have 186).
 10570 | D:9      | 10570 ||| SHOPLISTING ring of see invisible (240 gold, have
                  | 186).
 10624 | D:9      | Identified the +1 ring mail of Circular Logic {rC++ Regen+}
 10633 | D:9      | Noticed a two-headed ogre
 10638 | D:9      | 10638 ||| INVOKING Berserk.
 10641 | D:9      | Killed a two-headed ogre
 10642 | D:9      | Reached skill level 9 in Armour
 10795 | D:9      | 10795 ||| Stepping ~*~*~tactically~*~*~ (stealth).
 10808 | D:9      | 10808 ||| Stepping ~*~*~tactically~*~*~ (stealth).
 10811 | D:9      | 10811 ||| Stepping ~*~*~tactically~*~*~ (hiding).
 10814 | D:9      | 10814 ||| INVOKING Berserk.
 10997 | D:9      | Found Baequteb's Antique Weapon Boutique.
 11006 | D:9      | Found Kauz Dusaap's General Store.
 11010 | D:9      | 11010 ||| BUYING potion of heal wounds (60 gold).
 11010 | D:9      | Bought a potion of heal wounds for 60 gold pieces
 11010 | D:9      | 11010 ||| BUYING potion of mutation (96 gold).
 11010 | D:9      | Bought a potion of mutation for 96 gold pieces
 11236 | D:9      | 11236 ||| READING scroll labelled OSIECH WIMNI.
 11265 | D:10     | Entered Level 10 of the Dungeon
 11286 | D:10     | Reached skill level 11 in Fighting
 11286 | D:10     | 11286 ||| FLEEEEING.
 11287 | D:10     | 11287 ||| FLEEEEING.
 11288 | D:10     | 11288 ||| FLEEEEING.
 11289 | D:10     | 11289 ||| STAIRDANCE
 11360 | D:10     | 11360 ||| STAIRDANCE
 11365 | D:10     | 11365 ||| INVOKING Berserk.
 11373 | D:10     | 11373 ||| STAIRDANCE
 11495 | D:10     | 11495 ||| Stepping ~*~*~tactically~*~*~ (hiding).
 11585 | D:10     | 11585 ||| READING scroll of enchant weapon.
 11585 | D:10     | 11585 ||| ENCHANTING +3 vorpal war axe.
 11620 | D:10     | Noticed a two-headed ogre
 11624 | D:10     | 11624 ||| INVOKING Berserk.
 11625 | D:10     | Killed a two-headed ogre
 12140 | D:10     | 12140 ||| UPGRADING to +1 chain mail of poison resistance.
 12150 | D:10     | 12150 ||| READING 4 scrolls of identify.
 12150 | D:10     | 12150 ||| IDENTIFYING sapphire potion
 12151 | D:10     | 12151 ||| READING 3 scrolls of identify.
 12151 | D:10     | 12151 ||| IDENTIFYING metallic inky potion
 12152 | D:10     | 12152 ||| READING 2 scrolls of identify.
 12152 | D:10     | 12152 ||| IDENTIFYING brown potion
 12153 | D:10     | 12153 ||| DROPPING potion of lignification.
 12154 | D:10     | 12154 ||| DROPPING potion of attraction.
 12189 | D:11     | 12189 ||| Stepping ~*~*~tactically~*~*~ (stealth).
 12191 | D:11     | 12191 ||| INVOKING Berserk.
 12350 | D:11     | Noticed a white ugly thing
 12351 | D:11     | 12351 ||| INVOKING Berserk.
 12356 | D:11     | Killed a white ugly thing
 12506 | D:11     | 12506 ||| Stepping ~*~*~tactically~*~*~ (stealth).
 12508 | D:11     | Reached skill level 12 in Fighting
 12524 | D:11     | 12524 ||| INVOKING Berserk.
 12683 | D:11     | Noticed Snorg
 12685 | D:11     | 12685 ||| INVOKING Berserk.
 12690 | D:11     | Killed Snorg
 12864 | D:11     | Reached skill level 13 in Fighting
 13053 | D:11     | Reached skill level 3 in Throwing
 13061 | D:11     | Reached XP level 12. HP: 92/115 MP: 11/11
 13188 | D:11     | Found a staircase to the Lair.
 13206 | D:11     | Noticed Psyche
 13213 | D:11     | 13213 ||| INVOKING Berserk.
 13221 | D:11     | Killed Psyche
 13437 | D:11     | Noticed an eight-headed hydra
 13438 | D:11     | 13438 ||| INVOKING Brothers in Arms.
 13440 | D:11     | 13440 ||| SWAPPING to +0 morningstar.
 13441 | D:11     | 13441 ||| INVOKING Berserk.
 13442 | D:11     | Killed an eight-headed hydra
 13448 | D:11     | 13448 ||| SWAPPING to +4 vorpal war axe.
 13621 | D:11     | 13621 ||| PLANNING LAIR
 13621 | D:11     | 13621 ||| READING scroll labelled KEUNUE NEUFF.
 13648 | Lair:1   | Entered Level 1 of the Lair of Beasts
 13654 | Lair:1   | 13654 ||| INVOKING Berserk.
 13659 | Lair:1   | Reached skill level 14 in Fighting
 13706 | Lair:1   | 13706 ||| Stepping ~*~*~tactically~*~*~ (stealth).
 13711 | Lair:1   | 13711 ||| Stepping ~*~*~tactically~*~*~ (stealth).
 13779 | Lair:1   | Reached skill level 6 in Dodging
 13836 | Lair:1   | 13836 ||| Stepping ~*~*~tactically~*~*~ (stealth).
 13840 | Lair:1   | 13840 ||| Stepping ~*~*~tactically~*~*~ (stealth).
 13848 | Lair:1   | 13848 ||| Stepping ~*~*~tactically~*~*~ (stealth).
 13936 | Lair:1   | 13936 ||| Stepping ~*~*~tactically~*~*~ (stealth).
 14016 | Lair:1   | 14016 ||| Stepping ~*~*~tactically~*~*~ (stealth).
 14018 | Lair:1   | 14018 ||| Stepping ~*~*~tactically~*~*~ (stealth).
 14021 | Lair:1   | 14021 ||| Stepping ~*~*~tactically~*~*~ (stealth).
 14024 | Lair:1   | 14024 ||| Stepping ~*~*~tactically~*~*~ (stealth).
 14025 | Lair:1   | 14025 ||| Stepping ~*~*~tactically~*~*~ (stealth).
 14027 | Lair:1   | 14027 ||| Stepping ~*~*~tactically~*~*~ (stealth).
 14169 | Lair:1   | Noticed an eight-headed hydra
 14170 | Lair:1   | 14170 ||| INVOKING Brothers in Arms.
 14172 | Lair:1   | 14172 ||| SWAPPING to +0 morningstar.
 14173 | Lair:1   | 14173 ||| INVOKING Berserk.
 14177 | Lair:1   | Killed an eight-headed hydra
 14299 | Lair:1   | 14299 ||| SWAPPING to +4 vorpal war axe.
 14461 | Lair:1   | Reached skill level 15 in Fighting
 14468 | Lair:1   | 14468 ||| Stepping ~*~*~tactically~*~*~ (stealth).
 14761 | Lair:1   | 14761 ||| READING scroll labelled KOHAEFF IRUN.
 14961 | Lair:1   | 14961 ||| READING scroll labelled SEHAICVAURU.
 14962 | Lair:1   | 14962 ||| READING 3 scrolls of identify.
 14962 | Lair:1   | 14962 ||| IDENTIFYING glowing silvery potion
 14963 | Lair:1   | 14963 ||| READING 2 scrolls of identify.
 14963 | Lair:1   | 14963 ||| IDENTIFYING fuming ruby potion
 14964 | Lair:1   | 14964 ||| DROPPING potion of flight.
 14965 | Lair:1   | 14965 ||| DROPPING potion of berserk rage.
 14998 | Lair:2   | 14998 ||| STAIRDANCE
 15000 | Lair:1   | 15000 ||| INVOKING Berserk.
 15066 | Lair:2   | 15066 ||| STAIRDANCE
 15068 | Lair:1   | 15068 ||| INVOKING Berserk.
 15187 | Lair:2   | 15187 ||| STAIRDANCE
 15189 | Lair:1   | 15189 ||| INVOKING Berserk.
 15194 | Lair:1   | Reached skill level 12 in Armour
 15264 | Lair:2   | 15264 ||| INVOKING Berserk.
 15269 | Lair:2   | 15269 ||| STAIRDANCE
 15354 | Lair:2   | Found a runed translucent gate.
 15354 | Lair:2   | Found a runed translucent gate.
 15354 | Lair:2   | Found a runed translucent gate.
 15370 | Lair:2   | 15370 ||| INVOKING Berserk.
 15640 | Lair:2   | 15640 ||| Stepping ~*~*~tactically~*~*~ (hiding).
 15644 | Lair:2   | 15644 ||| INVOKING Berserk.
 15747 | Lair:2   | Noticed Gastronok
 15751 | Lair:2   | 15751 ||| INVOKING Berserk.
 15759 | Lair:2   | Killed Gastronok
 15765 | Lair:2   | Found a staircase to the Swamp.
 15875 | Lair:2   | Noticed qw's ghost (journeyman MiBe)
 15876 | Lair:2   | Noticed a minotaur
 16007 | Lair:2   | 16007 ||| Stepping ~*~*~tactically~*~*~ (stealth).
 16011 | Lair:2   | 16011 ||| Stepping ~*~*~tactically~*~*~ (stealth).
 16016 | Lair:2   | Reached XP level 13. HP: 127/127 MP: 12/12
 16137 | Lair:2   | 16137 ||| Stepping ~*~*~tactically~*~*~ (stealth).
 16139 | Lair:2   | 16139 ||| Stepping ~*~*~tactically~*~*~ (stealth).
 16140 | Lair:2   | 16140 ||| INVOKING Berserk.
 16159 | Lair:2   | Reached skill level 6 in Throwing
 16317 | Lair:2   | Found a hole to the Spider Nest.
 16323 | Lair:2   | 16323 ||| Stepping ~*~*~tactically~*~*~ (hiding).
 16637 | Lair:2   | 16637 ||| UPGRADING to +3 hat of Pondering {ponderous,
                  | Will+ MP+10 Int+5}.
 16718 | Lair:3   | 16718 ||| INVOKING Brothers in Arms.
 16724 | Lair:3   | 16724 ||| INVOKING Brothers in Arms.
 16725 | Lair:3   | 16725 ||| INVOKING Berserk.
 16738 | Lair:3   | Reached skill level 16 in Fighting
 16861 | Lair:3   | 16861 ||| Stepping ~*~*~tactically~*~*~ (stealth).
 16940 | Lair:3   | Identified the +0 chain mail of Luass {Rampage rPois rF+}
 17120 | Lair:3   | 17120 ||| Stepping ~*~*~tactically~*~*~ (stealth).
 17131 | Lair:3   | 17131 ||| Stepping ~*~*~tactically~*~*~ (stealth).
 17135 | Lair:3   | 17135 ||| Stepping ~*~*~tactically~*~*~ (stealth).
 17138 | Lair:3   | 17138 ||| Stepping ~*~*~tactically~*~*~ (stealth).
 17139 | Lair:3   | 17139 ||| Stepping ~*~*~tactically~*~*~ (stealth).
 17146 | Lair:3   | 17146 ||| Stepping ~*~*~tactically~*~*~ (stealth).
 17157 | Lair:3   | 17157 ||| INVOKING Brothers in Arms.
 17158 | Lair:3   | 17158 ||| INVOKING Brothers in Arms.
 17159 | Lair:3   | 17159 ||| INVOKING Brothers in Arms.
 17160 | Lair:3   | 17160 ||| SWAPPING to +0 morningstar.
 17161 | Lair:3   | 17161 ||| INVOKING Berserk.
 17202 | Lair:3   | 17202 ||| SWAPPING to +4 vorpal war axe.
 17257 | Lair:3   | 17257 ||| Stepping ~*~*~tactically~*~*~ (stealth).
 17258 | Lair:3   | 17258 ||| Stepping ~*~*~tactically~*~*~ (stealth).
 17259 | Lair:3   | 17259 ||| INVOKING Berserk.
 17295 | Lair:3   | 17295 ||| Stepping ~*~*~tactically~*~*~ (stealth).
 17494 | Lair:3   | 17494 ||| INVOKING Berserk.
 17500 | Lair:3   | Reached skill level 17 in Fighting
 17606 | Lair:3   | 17606 ||| Stepping ~*~*~tactically~*~*~ (stealth).
 17607 | Lair:3   | 17607 ||| Stepping ~*~*~tactically~*~*~ (stealth).
 17613 | Lair:3   | 17613 ||| INVOKING Berserk.
 18030 | Lair:3   | 18030 ||| UPGRADING to +0 chain mail of Luass {Rampage
                  | rPois rF+}.
 18040 | Lair:3   | 18040 ||| UPGRADING to ring of willpower.
 18042 | Lair:3   | 18042 ||| READING scroll labelled ZAPYUW MEDEBB.
 18042 | Lair:3   | Identified a scroll of acquirement
 18042 | Lair:3   | 18042 ||| ACQUIRING +3 pair of seven-league boots
                  | {Rampage+∞}
 18042 | Lair:3   | Acquired the +3 pair of seven-league boots {Rampage+∞}
 18042 | Lair:3   | Found the +3 pair of seven-league boots {Rampage+∞}
 18044 | Lair:3   | 18044 ||| UPGRADING to +3 pair of seven-league boots
                  | {Rampage+∞}.
 18054 | Lair:3   | 18054 ||| DROPPING +2 pair of boots.
 18269 | Lair:4   | 18269 ||| Stepping ~*~*~tactically~*~*~ (hiding).
 18405 | Lair:4   | 18405 ||| INVOKING Brothers in Arms.
 18406 | Lair:4   | 18406 ||| INVOKING Brothers in Arms.
 18407 | Lair:4   | 18407 ||| INVOKING Brothers in Arms.
 18409 | Lair:4   | 18409 ||| SWAPPING to +0 morningstar.
 18410 | Lair:4   | 18410 ||| INVOKING Berserk.
 18417 | Lair:4   | 18417 ||| SWAPPING to +4 vorpal war axe.
 18520 | Lair:4   | Found a staircase to the Slime Pits.
 18520 | Lair:4   | Found a viscous altar of Jiyva.
 18787 | Lair:4   | Identified the +3 dagger of Usucho Zeewk {freeze, Str+3}
 19334 | Lair:4   | 19334 ||| DROPPING orb of wrath.
 19357 | Lair:5   | Entered Level 5 of the Lair of Beasts
 19360 | Lair:5   | 19360 ||| Stepping ~*~*~tactically~*~*~ (stealth).
 19362 | Lair:5   | 19362 ||| INVOKING Berserk.
 19378 | Lair:5   | 19378 ||| FLEEEEING.
 19379 | Lair:5   | 19379 ||| FLEEEEING.
 19380 | Lair:5   | 19380 ||| FLEEEEING.
 19381 | Lair:5   | 19381 ||| STAIRDANCE
 19438 | Lair:5   | 19438 ||| INVOKING Berserk.
 19441 | Lair:5   | Reached skill level 18 in Fighting
 19445 | Lair:5   | 19445 ||| STAIRDANCE
 19584 | Lair:5   | 19584 ||| INVOKING Berserk.
 19729 | Lair:5   | 19729 ||| DROPPING +0 war axe of freezing.
 19798 | Lair:5   | 19798 ||| INVOKING Berserk.
 19942 | Lair:5   | 19942 ||| Stepping ~*~*~tactically~*~*~ (stealth).
 19946 | Lair:5   | 19946 ||| Stepping ~*~*~tactically~*~*~ (stealth).
 19963 | Lair:5   | 19963 ||| Stepping ~*~*~tactically~*~*~ (stealth).
 19964 | Lair:5   | 19964 ||| Stepping ~*~*~tactically~*~*~ (stealth).
 19967 | Lair:5   | 19967 ||| INVOKING Berserk.
 19981 | Lair:5   | Reached XP level 14. HP: 142/143 MP: 13/13
 20001 | Lair:5   | 20001 ||| FLEEEEING.
 20002 | Lair:5   | 20002 ||| FLEEEEING.
 20003 | Lair:5   | 20003 ||| FLEEEEING.
 20004 | Lair:5   | 20004 ||| FLEEEEING.
 20005 | Lair:5   | 20005 ||| FLEEEEING.
 20006 | Lair:5   | 20006 ||| FLEEEEING.
 20007 | Lair:5   | 20007 ||| FLEEEEING.
 20008 | Lair:5   | 20008 ||| FLEEEEING.
 20009 | Lair:5   | 20009 ||| FLEEEEING.
 20011 | Lair:5   | 20011 ||| FLEEEEING.
 20012 | Lair:5   | 20012 ||| FLEEEEING.
 20013 | Lair:5   | 20013 ||| FLEEEEING.
 20015 | Lair:5   | 20015 ||| FLEEEEING.
 20016 | Lair:5   | 20016 ||| FLEEEEING.
 20017 | Lair:5   | 20017 ||| FLEEEEING.
 20018 | Lair:5   | 20018 ||| STAIRDANCE
 20257 | Lair:5   | Identified the +8 war axe "Rinah" {elec, Str+4}
 20259 | Lair:5   | 20259 ||| SWAPPING to +8 war axe "Rinah" {elec, Str+4}.
 20260 | Lair:5   | 20260 ||| DROPPING +4 vorpal war axe.
 20291 | Lair:5   | 20291 ||| Stepping ~*~*~tactically~*~*~ (stealth).
 20293 | Lair:5   | 20293 ||| Stepping ~*~*~tactically~*~*~ (hiding).
 20420 | Lair:5   | 20420 ||| Stepping ~*~*~tactically~*~*~ (stealth).
 20421 | Lair:5   | 20421 ||| Stepping ~*~*~tactically~*~*~ (stealth).
 20428 | Lair:5   | 20428 ||| Stepping ~*~*~tactically~*~*~ (stealth).
 20433 | Lair:5   | 20433 ||| Stepping ~*~*~tactically~*~*~ (stealth).
 20503 | Lair:5   | Identified the +0 kite shield "Cigomn" {+Blink rF++ Will-
                  | SInv}
 20554 | Lair:5   | 20554 ||| Stepping ~*~*~tactically~*~*~ (stealth).
 20556 | Lair:5   | 20556 ||| Stepping ~*~*~tactically~*~*~ (hiding).
 20559 | Lair:5   | 20559 ||| Stepping ~*~*~tactically~*~*~ (stealth).
 20560 | Lair:5   | 20560 ||| INVOKING Brothers in Arms.
 20561 | Lair:5   | 20561 ||| INVOKING Brothers in Arms.
 20562 | Lair:5   | 20562 ||| SWAPPING to +0 morningstar.
 20563 | Lair:5   | 20563 ||| INVOKING Berserk.
 20668 | Lair:5   | 20668 ||| SWAPPING to +8 war axe "Rinah" {elec, Str+4}.
 20977 | Lair:5   | 20977 ||| Stepping ~*~*~tactically~*~*~ (stealth).
 21051 | Lair:5   | 21051 ||| Stepping ~*~*~tactically~*~*~ (hiding).
 21052 | Lair:5   | 21052 ||| INVOKING Berserk.
 21072 | Lair:5   | Reached skill level 9 in Throwing
 21082 | Lair:5   | 21082 ||| Stepping ~*~*~tactically~*~*~ (stealth).
 21135 | Lair:5   | 21135 ||| INVOKING Brothers in Arms.
 21137 | Lair:5   | 21137 ||| SWAPPING to +0 morningstar.
 21138 | Lair:5   | 21138 ||| INVOKING Berserk.
 21206 | Lair:5   | 21206 ||| SWAPPING to +8 war axe "Rinah" {elec, Str+4}.
 21228 | Lair:5   | 21228 ||| DROPPING +0 morningstar.
 21246 | Lair:5   | 21246 ||| INVOKING Berserk.
 21492 | Lair:5   | 21492 ||| PLANNING D
 21492 | Lair:5   | 21492 ||| UPGRADING to +0 kite shield "Cigomn" {+Blink rF++
                  | Will- SInv}.
 21497 | Lair:5   | 21497 ||| REMOVING ring of see invisible.
 21498 | Lair:5   | 21498 ||| UPGRADING to +6 ring of dexterity.
 21765 | D:12     | Reached skill level 1 in Shields
 21777 | D:12     | 21777 ||| Stepping ~*~*~tactically~*~*~ (stealth).
 21879 | D:12     | Reached skill level 3 in Shields
 21987 | D:12     | 21987 ||| INVOKING Berserk.
 22091 | D:12     | 22091 ||| FLEEEEING.
 22202 | D:12     | Found a staircase to the Orcish Mines.
 22270 | D:12     | 22270 ||| DROPPING +1 morningstar of holy wrath.
 22440 | D:12     | 22440 ||| DROPPING +1 morningstar of protection.
 22443 | D:12     | Identified the +10 hand axe of Evolution {vorpal, *Rage rC+
                  | rCorr}
 22635 | D:12     | 22635 ||| INVOKING Berserk.
 22941 | D:13     | 22941 ||| STAIRDANCE
 22944 | D:12     | Reached skill level 6 in Shields
 23065 | D:13     | 23065 ||| Stepping ~*~*~tactically~*~*~ (hiding).
 23214 | D:13     | Found Pumeh's Magic Scroll Boutique.
 23222 | D:13     | 23222 ||| BUYING 2 scrolls of enchant armour (210 gold).
 23222 | D:13     | Bought 2 scrolls of enchant armour for 210 gold pieces
 23222 | D:13     | 23222 ||| BUYING scroll of enchant weapon (105 gold).
 23222 | D:13     | Bought a scroll of enchant weapon for 105 gold pieces
 23222 | D:13     | 23222 ||| BUYING scroll of identify (28 gold).
 23222 | D:13     | Bought a scroll of identify for 28 gold pieces
 23222 | D:13     | 23222 ||| BUYING scroll of identify (28 gold).
 23222 | D:13     | Bought a scroll of identify for 28 gold pieces
 23222 | D:13     | 23222 ||| BUYING scroll of teleportation (42 gold).
 23222 | D:13     | Bought a scroll of teleportation for 42 gold pieces
 23286 | D:13     | 23286 ||| Stepping ~*~*~tactically~*~*~ (hiding).
 23287 | D:13     | 23287 ||| Stepping ~*~*~tactically~*~*~ (hiding).
 23461 | D:13     | Found a portal to a secret trove of treasure.
 23920 | D:13     | 23920 ||| UPGRADING to amulet of reflection.
 23925 | D:13     | 23925 ||| READING scroll labelled KUNUEM FIMU.
 23931 | D:14     | Noticed Rupert
 23931 | D:14     | Noticed Nessos
 23931 | D:14     | Noticed Urug
 23931 | D:14     | Found a gate to the Vaults.
 23932 | D:14     | 23932 ||| INVOKING Trog's Hand.
 23933 | D:14     | 23933 ||| STAIRDANCE
 23938 | D:14     | 23938 ||| STAIRDANCE
 23940 | D:13     | 23940 ||| INVOKING Berserk.
 24076 | D:14     | 24076 ||| STAIRDANCE
 24078 | D:13     | 24078 ||| INVOKING Trog's Hand.
 24079 | D:13     | 24079 ||| INVOKING Berserk.
 24091 | D:13     | Killed Rupert
 24200 | D:14     | 24200 ||| STAIRDANCE
 24211 | D:14     | Killed Nessos
 24212 | D:14     | Reached skill level 9 in Shields
 24212 | D:14     | 24212 ||| INVOKING Berserk.
 24223 | D:14     | Killed Urug
 24224 | D:14     | Reached XP level 15. HP: 150/150 MP: 14/14
 24393 | D:14     | 24393 ||| INVOKING Berserk.
 24555 | D:14     | 24555 ||| INVOKING Berserk.
 24690 | D:14     | 24690 ||| Stepping ~*~*~tactically~*~*~ (stealth).
 24694 | D:14     | 24694 ||| Stepping ~*~*~tactically~*~*~ (stealth).
 24695 | D:14     | 24695 ||| Stepping ~*~*~tactically~*~*~ (stealth).
 24696 | D:14     | 24696 ||| INVOKING Berserk.
 24834 | D:14     | Found Ifukhun's Weapon Boutique.
 24959 | D:14     | Reached ***** piety under Trog
 24968 | D:14     | Reached skill level 12 in Shields
 25399 | D:14     | 25399 ||| INVOKING Brothers in Arms.
 25401 | D:14     | 25401 ||| SWAPPING to +0 hand axe of flaming.
 25406 | D:14     | 25406 ||| SWAPPING to +8 war axe "Rinah" {elec, Str+4}.
 25538 | D:15     | Entered Level 15 of the Dungeon
 25543 | D:15     | 25543 ||| STAIRDANCE
 25553 | D:15     | 25553 ||| Stepping ~*~*~tactically~*~*~ (hiding).
 25672 | D:15     | 25672 ||| Stepping ~*~*~tactically~*~*~ (stealth).
 25673 | D:15     | 25673 ||| INVOKING Berserk.
 25689 | D:15     | 25689 ||| Stepping ~*~*~tactically~*~*~ (hiding).
 25691 | D:15     | 25691 ||| Stepping ~*~*~tactically~*~*~ (hiding).
 25706 | D:15     | 25706 ||| Stepping ~*~*~tactically~*~*~ (hiding).
 25818 | D:15     | Found Naonoha's Assorted Antiques.
 25828 | D:15     | 25828 ||| BUYING knobbly garnet ring (165 gold).
 25828 | D:15     | Bought a knobbly garnet ring for 165 gold pieces
 25934 | D:15     | 25934 ||| Stepping ~*~*~tactically~*~*~ (hiding).
 26062 | D:15     | 26062 ||| INVOKING Brothers in Arms.
 26064 | D:15     | 26064 ||| SWAPPING to +0 hand axe of flaming.
 26068 | D:15     | 26068 ||| SWAPPING to +8 war axe "Rinah" {elec, Str+4}.
 26177 | D:15     | 26177 ||| FLEEEEING.
 26178 | D:15     | 26178 ||| FLEEEEING.
 26179 | D:15     | 26179 ||| FLEEEEING.
 26181 | D:15     | 26181 ||| STAIRDANCE
 26311 | D:15     | Found a staircase to the Depths.
 26319 | D:15     | 26319 ||| INVOKING Berserk.
 26639 | D:15     | 26639 ||| Stepping ~*~*~tactically~*~*~ (hiding).
 26752 | D:15     | Found a hazy altar of Hepliaklqana.
 26768 | D:15     | 26768 ||| PLANNING ORC
 26848 | Orc:1    | Entered Level 1 of the Orcish Mines
 26848 | Orc:1    | Noticed Harold
 26849 | Orc:1    | 26849 ||| Stepping ~*~*~tactically~*~*~ (hiding).
 26856 | Orc:1    | Killed Harold
 26857 | Orc:1    | Reached skill level 9 in Dodging
 26864 | Orc:1    | 26864 ||| Stepping ~*~*~tactically~*~*~ (hiding).
 26981 | Orc:2    | Entered Level 2 of the Orcish Mines
 26982 | Orc:2    | Found Qelleroa's Jewellery Emporium.
 27055 | Orc:2    | 27055 ||| BUYING ring of ice (350 gold).
 27055 | Orc:2    | Bought a ring of ice for 350 gold pieces
 27055 | Orc:2    | 27055 ||| SHOPLISTING ring of see invisible (210 gold, have
                  | 78).
 27086 | Orc:2    | Found Oplostrang's General Store.
 27086 | Orc:2    | Found Ischefagi's Specific Store.
 27090 | Orc:2    | Found a staircase to the Elven Halls.
 27101 | Orc:2    | 27101 ||| BUYING +0 pair of gloves (63 gold).
 27101 | Orc:2    | Bought a +0 pair of gloves for 63 gold pieces
 27195 | Orc:2    | 27195 ||| Stepping ~*~*~tactically~*~*~ (stealth).
 27197 | Orc:2    | 27197 ||| Stepping ~*~*~tactically~*~*~ (stealth).
 27199 | Orc:2    | 27199 ||| Stepping ~*~*~tactically~*~*~ (hiding).
 27200 | Orc:2    | 27200 ||| Stepping ~*~*~tactically~*~*~ (hiding).
 27205 | Orc:2    | 27205 ||| FLEEEEING.
 27207 | Orc:2    | 27207 ||| FLEEEEING.
 27208 | Orc:2    | 27208 ||| FLEEEEING.
 27233 | Orc:2    | Noticed an orc warlord
 27234 | Orc:2    | 27234 ||| INVOKING Brothers in Arms.
 27242 | Orc:2    | 27242 ||| INVOKING Trog's Hand.
 27243 | Orc:2    | 27243 ||| INVOKING Berserk.
 27249 | Orc:2    | Killed an orc warlord
 27276 | Orc:2    | Received a gift from Trog
 27277 | Orc:2    | Reached skill level 15 in Shields
 27290 | Orc:2    | 27290 ||| INVOKING Brothers in Arms.
 27307 | Orc:2    | HP: 35/150 [orc priest/divine providence (11)]
 27647 | Orc:2    | 27647 ||| DROPPING +0 hand axe of flaming.
 27733 | Orc:2    | Found Guroagid's Assorted Antiques.
 27738 | Orc:2    | 27738 ||| SHOPLISTING fading broad axe (324 gold, have
                  | 273).
 27738 | Orc:2    | 27738 ||| BUYING potion of curing (108 gold).
 27738 | Orc:2    | Bought a potion of curing for 108 gold pieces
 27738 | Orc:2    | 27738 ||| SHOPLISTING potion of heal wounds (180 gold, have
                  | 165).
 27738 | Orc:2    | 27738 ||| SHOPLISTING runed ice dragon scales (2268 gold,
                  | have 165).
 27793 | Orc:2    | Found Yqeam's Antique Weapon Shoppe.
 27795 | Orc:2    | Found Tanurafu's Antique Armour Emporium.
 27808 | Orc:2    | 27808 ||| SHOPLISTING embroidered scarf (168 gold, have
                  | 165).
 28003 | Orc:2    | Found Qypt's Jewellery Shop.
 28008 | Orc:2    | 28008 ||| SHOPLISTING +4 ring of evasion (504 gold, have
                  | 229).
 28008 | Orc:2    | 28008 ||| SHOPLISTING +4 ring of protection (504 gold, have
                  | 229).
 28008 | Orc:2    | 28008 ||| SHOPLISTING +6 ring of dexterity (504 gold, have
                  | 229).
 28008 | Orc:2    | 28008 ||| SHOPLISTING +6 ring of strength (504 gold, have
                  | 229).
 28180 | Orc:2    | 28180 ||| DROPPING +0 plate armour.
 28181 | Orc:2    | 28181 ||| DROPPING +1 chain mail of poison resistance.
 28182 | Orc:2    | 28182 ||| UPGRADING to +4 plate armour of cold resistance.
 28192 | Orc:2    | 28192 ||| UPGRADING to +0 pair of gloves.
 28197 | Orc:2    | 28197 ||| READING 2 scrolls of enchant armour.
 28197 | Orc:2    | 28197 ||| ENCHANTING +0 pair of gloves.
 28198 | Orc:2    | 28198 ||| READING scroll of enchant armour.
 28198 | Orc:2    | 28198 ||| ENCHANTING +1 pair of gloves.
 28244 | Orc:1    | 28244 ||| Stepping ~*~*~tactically~*~*~ (stealth).
 28475 | Orc:1    | 28475 ||| Stepping ~*~*~tactically~*~*~ (stealth).
 28479 | Orc:1    | 28479 ||| Stepping ~*~*~tactically~*~*~ (stealth).
 28482 | Orc:1    | 28482 ||| Stepping ~*~*~tactically~*~*~ (stealth).
 28484 | Orc:1    | 28484 ||| INVOKING Berserk.
 28536 | Orc:1    | 28536 ||| Stepping ~*~*~tactically~*~*~ (stealth).
 28564 | Orc:1    | Noticed Erica
 28565 | Orc:1    | 28565 ||| INVOKING Brothers in Arms.
 28569 | Orc:1    | 28569 ||| INVOKING Berserk.
 28572 | Orc:1    | Killed Erica
 28693 | Orc:1    | 28693 ||| PLANNING SPIDER:1-3
 28838 | Spider:1 | Entered Level 1 of the Spider Nest
 28849 | Spider:1 | Reached XP level 16. HP: 158/159 MP: 15/15
 28873 | Spider:1 | 28873 ||| INVOKING Brothers in Arms.
 28884 | Spider:1 | 28884 ||| INVOKING Berserk.
 28894 | Spider:1 | Reached skill level 15 in Armour
 28976 | Spider:1 | 28976 ||| Stepping ~*~*~tactically~*~*~ (stealth).
 28977 | Spider:1 | 28977 ||| Stepping ~*~*~tactically~*~*~ (stealth).
 28978 | Spider:1 | 28978 ||| Stepping ~*~*~tactically~*~*~ (stealth).
 29129 | Spider:1 | 29129 ||| Stepping ~*~*~tactically~*~*~ (stealth).
 29135 | Spider:1 | 29135 ||| INVOKING Berserk.
 29153 | Spider:1 | 29153 ||| Stepping ~*~*~tactically~*~*~ (stealth).
 29172 | Spider:1 | 29172 ||| INVOKING Brothers in Arms.
 29185 | Spider:1 | 29185 ||| DRINKING 10 potions of curing.
 29185 | Spider:1 | 29185 ||| (to cure confusion)
 29197 | Spider:1 | 29197 ||| INVOKING Brothers in Arms.
 29203 | Spider:1 | 29203 ||| INVOKING Berserk.
 29236 | Spider:1 | 29236 ||| Stepping ~*~*~tactically~*~*~ (stealth).
 29258 | Spider:1 | 29258 ||| Stepping ~*~*~tactically~*~*~ (stealth).
 29484 | Spider:1 | 29484 ||| READING scroll of enchant armour.
 29484 | Spider:1 | 29484 ||| ENCHANTING +4 plate armour of cold resistance.
 29605 | Spider:1 | 29605 ||| Stepping ~*~*~tactically~*~*~ (hiding).
 29609 | Spider:1 | 29609 ||| INVOKING Brothers in Arms.
 29610 | Spider:1 | 29610 ||| Stepping ~*~*~tactically~*~*~ (stealth).
 29612 | Spider:1 | 29612 ||| INVOKING Brothers in Arms.
 29617 | Spider:1 | 29617 ||| INVOKING Berserk.
 30032 | Spider:2 | 30032 ||| Stepping ~*~*~tactically~*~*~ (stealth).
 30073 | Spider:2 | 30073 ||| FLEEEEING.
 30074 | Spider:2 | 30074 ||| STAIRDANCE
 30272 | Spider:2 | 30272 ||| Stepping ~*~*~tactically~*~*~ (stealth).
 30273 | Spider:2 | 30273 ||| INVOKING Brothers in Arms.
 30285 | Spider:2 | 30285 ||| Stepping ~*~*~tactically~*~*~ (stealth).
 30316 | Spider:2 | 30316 ||| Stepping ~*~*~tactically~*~*~ (stealth).
 30317 | Spider:2 | 30317 ||| Stepping ~*~*~tactically~*~*~ (stealth).
 30463 | Spider:2 | 30463 ||| INVOKING Brothers in Arms.
 30487 | Spider:2 | 30487 ||| INVOKING Berserk.
 30514 | Spider:2 | 30514 ||| Stepping ~*~*~tactically~*~*~ (stealth).
 30634 | Spider:2 | 30634 ||| Stepping ~*~*~tactically~*~*~ (stealth).
 30865 | Spider:2 | 30865 ||| Stepping ~*~*~tactically~*~*~ (stealth).
 30874 | Spider:2 | 30874 ||| DRINKING 11 potions of curing.
 30874 | Spider:2 | 30874 ||| (to cure bad poison)
 30962 | Spider:3 | 30962 ||| STAIRDANCE
 30969 | Spider:3 | 30969 ||| STAIRDANCE
 30988 | Spider:3 | 30988 ||| FLEEEEING.
 30989 | Spider:3 | 30989 ||| STAIRDANCE
 31112 | Spider:3 | 31112 ||| INVOKING Brothers in Arms.
 31132 | Spider:3 | 31132 ||| INVOKING Berserk.
 31152 | Spider:3 | 31152 ||| INVOKING Brothers in Arms.
 31300 | Spider:3 | 31300 ||| INVOKING Brothers in Arms.
 31303 | Spider:3 | 31303 ||| INVOKING Brothers in Arms.
 31304 | Spider:3 | 31304 ||| INVOKING Berserk.
 31317 | Spider:3 | Reached skill level 19 in Fighting
 31331 | Spider:3 | Reached XP level 17. HP: 130/168 MP: 16/16
 31528 | Spider:3 | 31528 ||| Stepping ~*~*~tactically~*~*~ (hiding).
 32110 | Spider:3 | Identified the +1 robe of Shrieking Leaves {Rampage
                  | Archmagi}
 32284 | Spider:3 | 32284 ||| PLANNING SWAMP:1-3
 32284 | Spider:3 | 32284 ||| DROPPING amulet of faith.
 32285 | Spider:3 | 32285 ||| DROPPING amulet of regeneration.
 32423 | Swamp:1  | Entered Level 1 of the Swamp
 32426 | Swamp:1  | 32426 ||| INVOKING Berserk.
 32445 | Swamp:1  | 32445 ||| Stepping ~*~*~tactically~*~*~ (cloud).
 32561 | Swamp:1  | 32561 ||| Stepping ~*~*~tactically~*~*~ (hiding).
 32570 | Swamp:1  | 32570 ||| Stepping ~*~*~tactically~*~*~ (cloud).
 32637 | Swamp:1  | Found a transporter.
 32660 | Swamp:1  | 32660 ||| INVOKING Berserk.
 32846 | Swamp:1  | 32846 ||| Stepping ~*~*~tactically~*~*~ (cloud).
 32954 | Swamp:1  | 32954 ||| Stepping ~*~*~tactically~*~*~ (hiding).
 32963 | Swamp:1  | 32963 ||| Stepping ~*~*~tactically~*~*~ (stealth).
 32969 | Swamp:1  | Reached skill level 18 in Armour
 33092 | Swamp:1  | 33092 ||| INVOKING Brothers in Arms.
 33095 | Swamp:1  | 33095 ||| INVOKING Berserk.
 33219 | Swamp:1  | 33219 ||| INVOKING Berserk.
 33346 | Swamp:1  | Found a transporter.
 33399 | Swamp:1  | 33399 ||| INVOKING Berserk.
 33584 | Swamp:1  | 33584 ||| Stepping randomly (cloudy).
 33586 | Swamp:1  | 33586 ||| DRINKING 12 potions of curing.
 33586 | Swamp:1  | 33586 ||| (to cure confusion)
 33587 | Swamp:1  | 33587 ||| Stepping ~*~*~tactically~*~*~ (cloud).
 33591 | Swamp:1  | 33591 ||| DRINKING 11 potions of curing.
 33591 | Swamp:1  | 33591 ||| (to cure confusion)
 33606 | Swamp:1  | 33606 ||| READING 2 scrolls of enchant armour.
 33606 | Swamp:1  | 33606 ||| ENCHANTING +5 plate armour of cold resistance.
 33607 | Swamp:1  | 33607 ||| READING scroll of enchant armour.
 33607 | Swamp:1  | 33607 ||| ENCHANTING +6 plate armour of cold resistance.
 33688 | Swamp:1  | 33688 ||| INVOKING Berserk.
 33872 | Swamp:1  | 33872 ||| DROPPING +0 chain mail of Luass {Rampage rPois
                  | rF+}.
 33965 | Swamp:2  | 33965 ||| Stepping ~*~*~tactically~*~*~ (hiding).
 33967 | Swamp:2  | 33967 ||| INVOKING Berserk.
 33983 | Swamp:2  | 33983 ||| SWAPPING to +3 broad axe of flaming.
 33986 | Swamp:2  | 33986 ||| SWAPPING to +8 war axe "Rinah" {elec, Str+4}.
 34089 | Swamp:2  | 34089 ||| SWAPPING to +3 broad axe of flaming.
 34094 | Swamp:2  | 34094 ||| SWAPPING to +8 war axe "Rinah" {elec, Str+4}.
 34095 | Swamp:2  | 34095 ||| Stepping randomly (cloudy).
 34096 | Swamp:2  | 34096 ||| Stepping ~*~*~tactically~*~*~ (water).
 34112 | Swamp:2  | 34112 ||| Stepping ~*~*~tactically~*~*~ (cloud).
 34132 | Swamp:2  | 34132 ||| Stepping ~*~*~tactically~*~*~ (stealth).
 34167 | Swamp:2  | 34167 ||| Stepping ~*~*~tactically~*~*~ (water).
 34194 | Swamp:2  | 34194 ||| INVOKING Berserk.
 34398 | Swamp:2  | 34398 ||| READING scroll of enchant armour.
 34398 | Swamp:2  | 34398 ||| ENCHANTING +7 plate armour of cold resistance.
 34415 | Swamp:2  | 34415 ||| Stepping ~*~*~tactically~*~*~ (hiding).
 34665 | Swamp:2  | 34665 ||| Stepping ~*~*~tactically~*~*~ (water).
 34685 | Swamp:2  | Reached skill level 20 in Fighting
 34686 | Swamp:2  | 34686 ||| Stepping ~*~*~tactically~*~*~ (stealth).
 34939 | Swamp:3  | 34939 ||| STAIRDANCE
 35043 | Swamp:3  | Identified the +1 ring mail of Kuhaah {rPois Stlth+}
 35049 | Swamp:3  | 35049 ||| INVOKING Berserk.
 35142 | Swamp:3  | 35142 ||| INVOKING Berserk.
 35469 | Swamp:3  | 35469 ||| Stepping ~*~*~tactically~*~*~ (water).
 35475 | Swamp:3  | Reached skill level 12 in Dodging
 35530 | Swamp:3  | 35530 ||| INVOKING Brothers in Arms.
 35534 | Swamp:3  | 35534 ||| INVOKING Berserk.
 35690 | Swamp:3  | 35690 ||| PLANNING SPIDER:4
 35827 | Spider:4 | Entered Level 4 of the Spider Nest
 35830 | Spider:4 | 35830 ||| Stepping ~*~*~tactically~*~*~ (stealth).
 35845 | Spider:4 | 35845 ||| Stepping ~*~*~tactically~*~*~ (hiding).
 35884 | Spider:4 | 35884 ||| INVOKING Berserk.
 36119 | Spider:4 | 36119 ||| Stepping ~*~*~tactically~*~*~ (hiding).
 36129 | Spider:4 | 36129 ||| INVOKING Brothers in Arms.
 36199 | Spider:4 | 36199 ||| INVOKING Brothers in Arms.
 36223 | Spider:4 | 36223 ||| INVOKING Berserk.
 36539 | Spider:4 | 36539 ||| Stepping ~*~*~tactically~*~*~ (hiding).
 36541 | Spider:4 | 36541 ||| Stepping ~*~*~tactically~*~*~ (stealth).
 36792 | Spider:4 | 36792 ||| INVOKING Brothers in Arms.
 36831 | Spider:4 | 36831 ||| INVOKING Berserk.
 36849 | Spider:4 | 36849 ||| INVOKING Brothers in Arms.
 36860 | Spider:4 | HP: 40/170 [emperor scorpion (11)]
 36861 | Spider:4 | 36861 ||| READING 12 scrolls of teleportation.
 36861 | Spider:4 | HP: 10/170 [poisoned by an emperor scorpion]
 36862 | Spider:4 | 36862 ||| DRINKING 11 potions of curing.
 36862 | Spider:4 | 36862 ||| (to cure bad poison)
 36863 | Spider:4 | 36863 ||| DRINKING 8 potions of heal wounds.
 36864 | Spider:4 | 36864 ||| DRINKING 7 potions of heal wounds.
 36948 | Spider:4 | Reached XP level 18. HP: 110/178 MP: 17/17
 36948 | Spider:4 | 36948 ||| Stepping ~*~*~tactically~*~*~ (hiding).
 37035 | Spider:4 | 37035 ||| Stepping ~*~*~tactically~*~*~ (stealth).
 37054 | Spider:4 | 37054 ||| Stepping ~*~*~tactically~*~*~ (stealth).
 37124 | Spider:4 | 37124 ||| DROPPING +3 broad axe of flaming.
 37156 | Spider:4 | 37156 ||| INVOKING Berserk.
 37257 | Spider:4 | 37257 ||| INVOKING Berserk.
 37378 | Spider:4 | 37378 ||| Stepping ~*~*~tactically~*~*~ (stealth).
 37391 | Spider:4 | 37391 ||| Stepping ~*~*~tactically~*~*~ (stealth).
 37392 | Spider:4 | 37392 ||| Stepping ~*~*~tactically~*~*~ (stealth).
 37393 | Spider:4 | 37393 ||| Stepping ~*~*~tactically~*~*~ (stealth).
 37439 | Spider:4 | 37439 ||| Stepping ~*~*~tactically~*~*~ (stealth).
 37445 | Spider:4 | 37445 ||| Stepping ~*~*~tactically~*~*~ (stealth).
 37446 | Spider:4 | 37446 ||| Stepping ~*~*~tactically~*~*~ (stealth).
 37448 | Spider:4 | 37448 ||| Stepping ~*~*~tactically~*~*~ (stealth).
 37449 | Spider:4 | 37449 ||| INVOKING Brothers in Arms.
 37450 | Spider:4 | 37450 ||| INVOKING Brothers in Arms.
 37451 | Spider:4 | 37451 ||| INVOKING Brothers in Arms.
 37543 | Spider:4 | Got a gossamer rune of Zot
 37629 | Spider:4 | 37629 ||| Stepping ~*~*~tactically~*~*~ (stealth).
 37631 | Spider:4 | 37631 ||| INVOKING Berserk.
 37886 | Spider:4 | 37886 ||| PLANNING VAULTS:1-4
 38099 | Vaults:1 | Entered Level 1 of the Vaults
 38137 | Vaults:1 | 38137 ||| Stepping ~*~*~tactically~*~*~ (hiding).
 38275 | Vaults:1 | 38275 ||| READING scroll of enchant armour.
 38275 | Vaults:1 | 38275 ||| ENCHANTING +8 plate armour of cold resistance.
 38294 | Vaults:1 | 38294 ||| INVOKING Trog's Hand.
 38559 | Vaults:1 | Noticed Donald
 38565 | Vaults:1 | 38565 ||| INVOKING Berserk.
 38571 | Vaults:1 | Killed Donald
 38684 | Vaults:1 | 38684 ||| Stepping ~*~*~tactically~*~*~ (hiding).
 38691 | Vaults:1 | Reached skill level 21 in Fighting
 38698 | Vaults:1 | Reached skill level 18 in Shields
 38890 | Vaults:1 | 38890 ||| INVOKING Brothers in Arms.
 38895 | Vaults:1 | 38895 ||| INVOKING Berserk.
 39116 | Vaults:1 | 39116 ||| Stepping ~*~*~tactically~*~*~ (stealth).
 39300 | Vaults:1 | 39300 ||| Stepping ~*~*~tactically~*~*~ (hiding).
 39454 | Vaults:1 | 39454 ||| Stepping ~*~*~tactically~*~*~ (stealth).
 39456 | Vaults:1 | 39456 ||| Stepping ~*~*~tactically~*~*~ (stealth).
 39459 | Vaults:1 | 39459 ||| Stepping ~*~*~tactically~*~*~ (stealth).
 39461 | Vaults:1 | 39461 ||| Stepping ~*~*~tactically~*~*~ (stealth).
 39467 | Vaults:1 | 39467 ||| INVOKING Berserk.
 39615 | Vaults:1 | 39615 ||| Stepping ~*~*~tactically~*~*~ (stealth).
 39618 | Vaults:1 | 39618 ||| Stepping ~*~*~tactically~*~*~ (stealth).
 39621 | Vaults:1 | 39621 ||| Stepping ~*~*~tactically~*~*~ (stealth).
 39822 | Vaults:1 | Found Hismabet's Jewellery Shop.
 39865 | Vaults:1 | 39865 ||| SHOPLISTING +4 ring of slaying (1482 gold, have
                  | 1229).
 39912 | Vaults:1 | 39912 ||| Stepping ~*~*~tactically~*~*~ (hiding).
 39921 | Vaults:1 | 39921 ||| Stepping ~*~*~tactically~*~*~ (hiding).
 40062 | Vaults:1 | 40062 ||| READING 12 scrolls of teleportation.
 40087 | Vaults:1 | 40087 ||| Stepping ~*~*~tactically~*~*~ (stealth).
 40088 | Vaults:1 | 40088 ||| Stepping ~*~*~tactically~*~*~ (stealth).
 40089 | Vaults:1 | 40089 ||| Stepping ~*~*~tactically~*~*~ (stealth).
 40213 | Vaults:1 | 40213 ||| Stepping ~*~*~tactically~*~*~ (hiding).
 40371 | Vaults:1 | Noticed Saint Roka
 40372 | Vaults:1 | 40372 ||| INVOKING Brothers in Arms.
 40376 | Vaults:1 | 40376 ||| INVOKING Berserk.
 40391 | Vaults:1 | Killed Saint Roka
 40407 | Vaults:1 | Received a gift from Trog
 40681 | Vaults:2 | 40681 ||| PLANNING BAZAAR
 40802 | Vaults:2 | Found a staircase to the Crypt.
 40812 | Vaults:2 | 40812 ||| INVOKING Berserk.
 40823 | Vaults:2 | Reached skill level 22 in Fighting
 41086 | Vaults:2 | 41086 ||| INVOKING Brothers in Arms.
 41089 | Vaults:2 | 41089 ||| INVOKING Berserk.
 41104 | Vaults:2 | Reached XP level 19. HP: 191/191 MP: 18/18
 41222 | Vaults:2 | 41222 ||| INVOKING Trog's Hand.
 41373 | Vaults:2 | 41373 ||| INVOKING Trog's Hand.
 41387 | Vaults:2 | 41387 ||| Stepping ~*~*~tactically~*~*~ (hiding).
 41501 | Vaults:2 | 41501 ||| Stepping ~*~*~tactically~*~*~ (stealth).
 41502 | Vaults:2 | 41502 ||| Stepping ~*~*~tactically~*~*~ (stealth).
 41504 | Vaults:2 | 41504 ||| Stepping ~*~*~tactically~*~*~ (stealth).
 41615 | Vaults:2 | 41615 ||| INVOKING Brothers in Arms.
 41617 | Vaults:2 | 41617 ||| INVOKING Berserk.
 41668 | Vaults:2 | 41668 ||| INVOKING Brothers in Arms.
 42000 | Vaults:2 | 42000 ||| INVOKING Trog's Hand.
 42009 | Vaults:2 | 42009 ||| RIP BAZAAR
 42009 | Vaults:2 | 42009 ||| RIP WIZLAB
 42009 | Vaults:2 | 42009 ||| PLANNING VAULTS:1-4
 42039 | Vaults:2 | 42039 ||| INVOKING Trog's Hand.
 42591 | Vaults:3 | 42591 ||| FLEEEEING.
 42593 | Vaults:3 | 42593 ||| FLEEEEING.
 42594 | Vaults:3 | 42594 ||| FLEEEEING.
 42595 | Vaults:3 | 42595 ||| FLEEEEING.
 42604 | Vaults:3 | 42604 ||| FLEEEEING.
 42605 | Vaults:3 | 42605 ||| FLEEEEING.
 42606 | Vaults:3 | 42606 ||| FLEEEEING.
 42612 | Vaults:3 | 42612 ||| STAIRDANCE
 42716 | Vaults:3 | 42716 ||| INVOKING Trog's Hand.
 42868 | Vaults:3 | 42868 ||| Stepping ~*~*~tactically~*~*~ (hiding).
 43194 | Vaults:3 | 43194 ||| INVOKING Trog's Hand.
 43254 | Vaults:3 | Noticed a dread lich
 43254 | Vaults:3 | Noticed a dread lich
 43255 | Vaults:3 | Found a runed translucent gate.
 43255 | Vaults:3 | Found an ancient bone altar of Kikubaaqudgha.
 43255 | Vaults:3 | Noticed qw's ghost (adept MiBe)
 43256 | Vaults:3 | Found a runed translucent gate.
 43256 | Vaults:3 | Noticed an ancient lich
 43257 | Vaults:3 | Found a runed translucent gate.
 43260 | Vaults:3 | 43260 ||| INVOKING Trog's Hand.
 43295 | Vaults:3 | 43295 ||| INVOKING Trog's Hand.
 43746 | Vaults:3 | 43746 ||| DROPPING scarf of shadows.
 43778 | Vaults:4 | 43778 ||| Stepping ~*~*~tactically~*~*~ (hiding).
 43783 | Vaults:4 | 43783 ||| INVOKING Brothers in Arms.
 43785 | Vaults:4 | 43785 ||| INVOKING Brothers in Arms.
 43787 | Vaults:4 | 43787 ||| INVOKING Berserk.
 43817 | Vaults:4 | Reached skill level 21 in Armour
 43888 | Vaults:4 | 43888 ||| Stepping ~*~*~tactically~*~*~ (stealth).
 43891 | Vaults:4 | 43891 ||| Stepping ~*~*~tactically~*~*~ (hiding).
 43960 | Vaults:4 | 43960 ||| Stepping ~*~*~tactically~*~*~ (hiding).
 43961 | Vaults:4 | 43961 ||| INVOKING Trog's Hand.
 44182 | Vaults:4 | 44182 ||| Stepping ~*~*~tactically~*~*~ (stealth).
 44186 | Vaults:4 | 44186 ||| Stepping ~*~*~tactically~*~*~ (hiding).
 44187 | Vaults:4 | 44187 ||| Stepping ~*~*~tactically~*~*~ (hiding).
 44199 | Vaults:4 | 44199 ||| INVOKING Trog's Hand.
 44294 | Vaults:4 | 44294 ||| Stepping ~*~*~tactically~*~*~ (stealth).
 44326 | Vaults:4 | 44326 ||| Stepping ~*~*~tactically~*~*~ (hiding).
 44327 | Vaults:4 | 44327 ||| Stepping ~*~*~tactically~*~*~ (hiding).
 44331 | Vaults:4 | 44331 ||| INVOKING Trog's Hand.
 44374 | Vaults:4 | 44374 ||| Stepping ~*~*~tactically~*~*~ (stealth).
 44378 | Vaults:4 | 44378 ||| Stepping ~*~*~tactically~*~*~ (stealth).
 44561 | Vaults:4 | 44561 ||| INVOKING Trog's Hand.
 44576 | Vaults:4 | 44576 ||| INVOKING Brothers in Arms.
 44579 | Vaults:4 | 44579 ||| INVOKING Berserk.
 44585 | Vaults:4 | Reached skill level 23 in Fighting
 44747 | Vaults:4 | 44747 ||| INVOKING Trog's Hand.
 44768 | Vaults:4 | 44768 ||| Stepping ~*~*~tactically~*~*~ (hiding).
 44778 | Vaults:4 | 44778 ||| INVOKING Berserk.
 44806 | Vaults:4 | 44806 ||| INVOKING Brothers in Arms.
 44966 | Vaults:4 | Found Cedghu's Magic Scroll Emporium.
 44974 | Vaults:4 | 44974 ||| BUYING scroll of enchant armour (105 gold).
 44974 | Vaults:4 | Bought a scroll of enchant armour for 105 gold pieces
 44974 | Vaults:4 | 44974 ||| BUYING scroll of teleportation (42 gold).
 44974 | Vaults:4 | Bought a scroll of teleportation for 42 gold pieces
 44974 | Vaults:4 | 44974 ||| BUYING scroll of teleportation (42 gold).
 44974 | Vaults:4 | Bought a scroll of teleportation for 42 gold pieces
 44974 | Vaults:4 | 44974 ||| READING scroll of enchant armour.
 44974 | Vaults:4 | 44974 ||| ENCHANTING +9 plate armour of cold resistance.
 44976 | Vaults:4 | 44976 ||| Stepping ~*~*~tactically~*~*~ (stealth).
 44978 | Vaults:4 | 44978 ||| Stepping ~*~*~tactically~*~*~ (hiding).
 44980 | Vaults:4 | 44980 ||| Stepping ~*~*~tactically~*~*~ (hiding).
 44986 | Vaults:4 | 44986 ||| INVOKING Brothers in Arms.
 44987 | Vaults:4 | 44987 ||| INVOKING Berserk.
 45142 | Vaults:4 | 45142 ||| Stepping ~*~*~tactically~*~*~ (hiding).
 45195 | Vaults:4 | Reached XP level 20. HP: 203/203 MP: 19/19
 45377 | Vaults:4 | 45377 ||| Stepping ~*~*~tactically~*~*~ (stealth).
 45462 | Vaults:4 | 45462 ||| PLANNING SWAMP:4
 45462 | Vaults:4 | 45462 ||| UPGRADING to +2 hat.
 45784 | Swamp:4  | Entered Level 4 of the Swamp
 45906 | Swamp:4  | 45906 ||| Stepping ~*~*~tactically~*~*~ (water).
 45950 | Swamp:4  | 45950 ||| DRINKING 14 potions of curing.
 45950 | Swamp:4  | 45950 ||| (to cure confusion)
 45951 | Swamp:4  | 45951 ||| Stepping ~*~*~tactically~*~*~ (water).
 45976 | Swamp:4  | 45976 ||| Stepping ~*~*~tactically~*~*~ (cloud).
 45978 | Swamp:4  | 45978 ||| Stepping ~*~*~tactically~*~*~ (cloud).
 45979 | Swamp:4  | 45979 ||| Stepping ~*~*~tactically~*~*~ (cloud).
 45982 | Swamp:4  | 45982 ||| Stepping ~*~*~tactically~*~*~ (cloud).
 45983 | Swamp:4  | 45983 ||| INVOKING Berserk.
 45989 | Swamp:4  | Noticed the 27-headed Lernaean hydra
 46001 | Swamp:4  | HP: 73/304 [the 27-headed Lernaean hydra (4)]
 46007 | Swamp:4  | HP: 53/304 [the 26-headed Lernaean hydra (1)]
 46009 | Swamp:4  | Killed the 26-headed Lernaean hydra
 46015 | Swamp:4  | 46015 ||| READING 13 scrolls of teleportation.
 46016 | Swamp:4  | 46016 ||| DRINKING 7 potions of heal wounds.
 46016 | Swamp:4  | HP: 46/203 [poisoned by a swamp drake (noxious blast)]
 46017 | Swamp:4  | 46017 ||| DRINKING 6 potions of heal wounds.
 46019 | Swamp:4  | 46019 ||| INVOKING Brothers in Arms.
 46020 | Swamp:4  | 46020 ||| Stepping ~*~*~tactically~*~*~ (water).
 46025 | Swamp:4  | HP: 48/203 [something (7)]
 46027 | Swamp:4  | HP: 19/203 [poison (poison gas)]
 46028 | Swamp:4  | 46028 ||| READING 12 scrolls of teleportation.
 46028 | Swamp:4  | HP: 1/203 [poisoned by a swamp dragon (poison gas)]
 46029 | Swamp:4  | 46029 ||| DRINKING 5 potions of heal wounds.
 46029 | Swamp:4  | Succumbed to a swamp dragon's poison gas

Levels and vault maps discovered:
D:1:      co_arrival_square_in_a_square_in_a_square, layout_basic,
          grunt_decor_junction, hex_large, nicolae_figureground_sparkle
D:2:      layout_basic, serial_shops, nicolae_shop_hallway_stairs
D:3:      layout_loops_corners, mainiacjoe_overflow_chevrons, serial_shops,
          nicolae_shop_bloodbath_and_beyond, basic_ecumenical_altar,
          portal_sewer_entry_b, minmay_crystal_water, uniq_jessica,
          uniq_crazy_yiuf_cottage
D:4:      layout_rooms, lemuel_crystal_altar, kennysheep_mini,
          evilmike_ruin_ashenzari, serial_park_tiny_2
D:5:      layout_basic, lemuel_coloured_pillars_altar,
          chequers_serial_rivers_micro_b, nicolae_alphabet_shops,
          grunt_tough_drop, uniq_grinder
D:6:      layout_layer_cave, mainiacjoe_overflow_boulevard,
          minmay_temple_entry_from_below_b, ebering_ghost_xom, serial_shops,
          shop, nicolae_lakefront_shop, nicolae_shop_window_shopping,
          nicolae_shop_temple_entry_statues_fountains,
          nicolae_shop_advertising_works [nicolae_subvault_shop_adworks],
          kennysheep_small_square
D:7:      minmay_razor_zed, layout_loops_ring,
          grunt_dithmenos_smoke_and_mirrors, lemuel_tele_altar,
          kennysheep_little_box
D:8:      gammafunk_wand_slinger, layout_loops_ring,
          nicolae_gozag_zags_fifth_avenue, uniq_prince_ribbit1, uniq_maurice
D:9:      layout_irregular_city, serial_shops, shop, nicolae_shop_statue_plus,
          shop_statue, nicolae_shop_trees, nicolae_shop_behind_doors
D:10:     layout_basic, chequers_serial_rivers_micro_b
D:11:     layout_irregular_city, lair_entry_dummy, uniq_psyche, uniq_snorg
D:12:     layout_irregular_city, minmay_orc_entry_temple_small,
          evilmike_butchery
D:13:     layout_cave_pods, nicolae_trove_entry_columns, serial_shops,
          shop_scrolls
D:14:     layout_small_grid, david_vaults_3, serial_shops,
          nicolae_shop_waterfront, minivault_26
D:15:     gammafunk_depths_entry_grave, layout_gridville, serial_shops,
          nicolae_shop_overgrown_old_shop, nzn_hepliaklqana_mist_gate
Lair:1:   layout_chaotic_city
Lair:2:   layout_regular_city, minmay_swamp_entry_swarm,
          hellmonk_spider_entry_life_and_decay, maelrawn_ghost_gauntlet_escape,
          roderic_carrion_pond, serial_bayou_shore_a, uniq_gastronok
Lair:3:   statuecave_lemuel, layout_layer_cave, grunt_megastairs_4
Lair:4:   layout_cave_pods, slime_entry_1
Lair:5:   grunt_lair_end_beastmaster, layout_loops_ring,
          portal_ice_cave_entry_imps, dpeg_oklob_1
Swamp:1:  gammafunk_worm_tunnel, layout_basic_swamp, serial_swamp_ruin,
          evilmike_swamp_ruin_house_3, evilmike_swamp_ruin_house_2, swamp_pool5,
          nicolae_swamp_catching_bugs
Swamp:2:  nicolae_swamp_ascending_descending, layout_basic_swamp,
          evilmike_swamp_ruin_house_5, swamp_pool4
Swamp:3:  layout_basic_swamp, infiniplex_staircase_pool, swamp_pool3
Swamp:4:  swamp_alternative, layout_basic_swamp
Spider:1: layout_spider_delve, hellmonk_narrow_tunnel
Spider:2: layout_spider_delve
Spider:3: layout_cave_pods, nicolae_spider_nooks_and_crannies
Spider:4: grunt_spider_rune_circles
Orc:1:    layout_diamond_mine, uniq_harold, uniq_erica
Orc:2:    grunt_orc_community_town_hall, layout_diamond_mine,
          grunt_orc_community_big_house_2, grunt_orc_community_big_house_2,
          grunt_orc_community_house_3, grunt_orc_community_house_1,
          grunt_orc_community_house_1, grunt_orc_community_house_2,
          grunt_orc_community_house_1, basic_altar, serial_shops,
          nicolae_shop_stone, nicolae_specific_store, elves_outpost_lemuel
Vaults:1: v_rooms_5, v_alt_pattern_5, vaults_room_door_ring,
          hangedman_vaults_pinch, grunt_vaults_bifocal, hangedman_vaults_impose,
          hangedman_vaults_river_flow, v_misc_8,
          nicolae_vaults_mini_display_case, nicolae_vaults_diagonal_hallway_8,
          ontoclasm_vaults_loading_screen, layout_vaults_omnigrid, serial_shops,
          nicolae_shop_window_shopping, uniq_saint_roka, uniq_donald
Vaults:2: lightli_enter_wizlab_magi_temple, v_misc_3, v_misc_14,
          hangedman_vaults_capsules, hangedman_vaults_unwind, vaults_room_fours,
          nicolae_vaults_little_squares_5, nicolae_vaults_little_squares_6,
          vaults_room_corners, st_squares, hangedman_vaults_cutoff,
          hangedman_vaults_stretched_pinwheel, minmay_crypt_entry_simple_round,
          vaults_dpeg_diagonal, layout_vaults_omnibox, serial_shops,
          bzr_entry_customers
Vaults:3: gammafunk_ghost_crypt, nicolae_vaults_rhombus_6,
          nicolae_vaults_little_squares_3, vaults_mumra_lcd, v_misc_24,
          vaults_dpeg_cross, nicolae_vaults_triangles,
          nicolae_vaults_angled_halls, v_misc_33,
          ontoclasm_vaults_decontamination, grunt_vaults_funnel,
          nicolae_vaults_little_squares_5, ontoclasm_vaults_eye,
          layout_vaults_big_cross
Vaults:4: v_misc_1, vaults_room_corners, hangedman_vaults_nodes,
          vaults_room_pool, vaults_room_ringed_pool, grunt_vaults_focal,
          nicolae_vaults_border_crossing, nicolae_vaults_little_squares_2,
          v_alt_pattern_2, v_rooms_6, hangedman_vaults_impose,
          vaults_dpeg_hooks, layout_vaults_maze_snakey, serial_shops, shop

Skill      XL: |  1  2  3  4  5  6  7  8  9 10 11 12 13 14 15 16 17 18 19 20 |
---------------+-------------------------------------------------------------+-----
Axes           | 4 5 6 7 9 10 12 14 16 17 | 17.9
Fighting       | 4 5 6 7 8 10 13 15 18 19 20 22 23 | 23.0
Armour         | 3 5 6 8 10 12 13 14 17 19 20 21 | 21.0
Throwing       | 1 3 5 7 9 10 11 | 11.0
Dodging        | 3 5 6 7 8 9 11 12 13 14 | 14.0
Shields        | 9 15 16 17 18 19 | 19.0

Action                   |  1- 3 |  4- 6 |  7- 9 | 10-12 | 13-15 | 16-18 | 19-21 || total
-------------------------+-------+-------+-------+-------+-------+-------+-------++-------
Melee: Hand axe          |   103 |   112 |    11 |       |     7 |       |       ||   233
       Headbutt          |    13 |    22 |    28 |    89 |   202 |   301 |   166 ||   821
       Punch             |       |     2 |     2 |     4 |     6 |       |       ||    14
       War axe           |       |       |   192 |   407 |   792 |  1157 |   525 ||  3073
       Unarmed           |       |       |       |     7 |       |       |       ||     7
       Morningstar       |       |       |       |     5 |    21 |       |       ||    26
       Broad axe         |       |       |       |       |       |     5 |       ||     5
Throw: Boomerang         |       |       |     8 |    35 |    17 |    62 |    35 ||   157
       Javelin           |       |       |       |    13 |    73 |    80 |    23 ||   189
Invok: Berserk           |       |     3 |     5 |    23 |    29 |    30 |     6 ||    96
       Trog's Hand       |       |     1 |       |       |     3 |     1 |    13 ||    18
       Brothers in Arms  |       |       |       |     2 |    10 |    20 |     7 ||    39
  Use: Scroll            |     6 |     2 |     5 |    14 |     4 |     7 |     3 ||    41
       Potion            |     1 |       |     1 |     1 |       |     7 |     4 ||    14
 Stab: Confused          |       |       |       |     1 |       |       |       ||     1
       Distracted        |       |       |       |       |     2 |     1 |       ||     3
Armor: Animal skin       |     5 |       |       |       |       |       |       ||     5
       Leather armour    |     7 |    13 |       |       |       |       |       ||    20
       Scale mail        |       |    10 |    16 |       |       |       |       ||    26
       Chain mail        |       |       |    83 |   108 |   319 |       |       ||   510
       Plate armour      |       |       |       |    71 |    11 |   511 |   235 ||   828
       Skin              |       |       |       |     1 |       |       |       ||     1
Dodge: Dodged            |    46 |    56 |    79 |   147 |   314 |   354 |   172 ||  1168
Block: Kite shield       |       |       |       |       |   311 |   924 |   367 ||  1602
       Reflection        |       |       |       |       |    43 |    39 |    18 ||   100

Table legend:
 A = Non-vault XP
 B = Vault XP
 C = Vault XP percentage of total XP
 D = Non-vault monster count
 E = Vault monster count
 F = Vault count percentage of total count
                 A         B        C        D         E       F
            +---------+---------+-------+---------+---------+-------
      Total |  327597 |  166996 |  33.8 |     962 |     390 |  28.8
            +---------+---------+-------+---------+---------+-------
        D:1 |      54 |       0 |   0.0 |      33 |       0 |   0.0
        D:2 |      23 |       0 |   0.0 |      13 |       0 |   0.0
        D:3 |      74 |      59 |  44.4 |      22 |       6 |  21.4
        D:4 |     217 |       0 |   0.0 |      11 |       0 |   0.0
        D:5 |     635 |     782 |  55.2 |      11 |       7 |  38.9
        D:6 |    1290 |      48 |   3.6 |      27 |       2 |   6.9
        D:7 |     897 |    2615 |  74.5 |      21 |      15 |  41.7
        D:8 |    1057 |     717 |  40.4 |      16 |       2 |  11.1
        D:9 |    4746 |       0 |   0.0 |      35 |       0 |   0.0
       D:10 |    2887 |       0 |   0.0 |      14 |       0 |   0.0
       D:11 |    6462 |    1314 |  16.9 |      26 |       2 |   7.1
       D:12 |    7239 |      99 |   1.3 |      21 |       8 |  27.6
       D:13 |    3152 |    5638 |  64.1 |       8 |      17 |  68.0
       D:14 |   19642 |    1822 |   8.5 |      36 |       2 |   5.3
       D:15 |    8217 |    5079 |  38.2 |      21 |       8 |  27.6
     Lair:1 |    8851 |       0 |   0.0 |      43 |       0 |   0.0
     Lair:2 |    3770 |    3717 |  49.6 |      17 |      16 |  48.5
     Lair:3 |   13952 |     950 |   6.4 |      44 |       2 |   4.3
     Lair:4 |    4443 |       0 |   0.0 |      15 |       0 |   0.0
     Lair:5 |   13153 |   11339 |  46.3 |      39 |      33 |  45.8
    Swamp:1 |   12833 |    5423 |  29.7 |      25 |      14 |  35.9
    Swamp:2 |   11031 |       0 |   0.0 |      16 |       0 |   0.0
    Swamp:3 |   10625 |       0 |   0.0 |      21 |       0 |   0.0
    Swamp:4 |    3340 |   10464 |  75.8 |       8 |      13 |  61.9
   Spider:1 |   20945 |    4289 |  17.0 |      53 |       7 |  11.7
   Spider:2 |   22441 |       0 |   0.0 |      56 |       0 |   0.0
   Spider:3 |   20671 |    2838 |  12.1 |      55 |       6 |   9.8
   Spider:4 |   14175 |   21836 |  60.6 |      37 |      39 |  51.3
      Orc:1 |    3011 |    1712 |  36.2 |      27 |       2 |   6.9
      Orc:2 |    1554 |   11170 |  87.8 |      36 |      74 |  67.3
   Vaults:1 |   45820 |   22515 |  32.9 |      73 |      39 |  34.8
   Vaults:2 |   22253 |   17448 |  43.9 |      36 |      27 |  42.9
   Vaults:3 |   10324 |    4333 |  29.6 |      13 |       9 |  40.9
   Vaults:4 |   27813 |   30789 |  52.5 |      33 |      40 |  54.8
            +---------+---------+-------+---------+---------+-------
